 Dungeon Crawl Stone Soup version 0.30-a0-223-gcb0039aa0c (webtiles) character file.

Game seed: 15921590364494565246

650963 qw the Bringer of Light (level 27, -4/193 HPs)
             Began as a Gargoyle Fighter on Oct 9, 2022.
             Was the Champion of the Shining One.
             Killed by divine providence
             ... invoked by a smoke demon
              (9 damage)
             ... in Pandemonium.
             The game lasted 00:41:15 (70105 turns).

qw the Bringer of Light (Gargoyle Fighter)         Turns: 70105, Time: 00:41:15

Health: -4/193     AC: 67    Str: 29    XL:     27
Magic:  45/45      EV: 14    Int: 15    God:    the Shining One [******]
Gold:   7729       SH: 27    Dex: 15    Spells: 26/26 levels left

rFire   + . .      SeeInvis +    y - +7 broad axe "Fymoanamp" {speed, Will++ Str-5 Dex+4 SInv}
rCold   + . .      Faith    .    A - +0 tower shield
rNeg    + + +      Spirit   .    E - +4 crystal plate armour
rPois   inf        Reflect  +    N - +2 hat of the Evening Star {Int+4}
rElec   +          Harm     .    u - scarf {rC+ rF+}
rCorr   .          Rampage  .    O - +2 pair of gloves "Obodupran" {-Cast Dex+4 Slay+2}
Will    ++++.      NoCast   +    D - +2 pair of boots "Lunk" {rN++ MP+9 Str+2 Dex-2}
Stlth   ..........               x - amulet of reflection
HPRegen 0.52/turn                P - +4 ring of protection
MPRegen 0.29/turn                w - +4 ring of evasion

@: about to teleport, flying, glowing
A: sickness immunity, AC +20, big wings, negative energy resistance 1,
electricity resistance, torment resistance 1, petrification resistance, talons
1, low MP 1
}: 4/15 runes: decaying, silver, golden, gossamer
a: Renounce Religion, Divine Shield, Cleansing Flame, Summon Divine Warrior


You were in Pandemonium.
You worshipped the Shining One.
The Shining One was exalted by your worship.
You visited 11 branches of the dungeon, and saw 50 of its levels.
You visited Pandemonium 1 time, and saw 2 of its levels.

You collected 11004 gold pieces.
You spent 3275 gold pieces at shops.


Innate Abilities, Weirdness & Mutations

You are immune to sickness and miasma.
Your stone body is resilient. (AC +20)
You are immune to poison.
Your large and strong wings let you fly.
You resist negative energy. (rN+)
You are resistant to electric shocks. (rElec)
You are resistant to unholy torment.
You are immune to petrification.
You have sharp toenails.
Your magical capacity is low. (-10% MP)


   Skills:
 + Level 25.0 Fighting
 - Level 18.0 Axes
 - Level 14.7 Throwing
 - Level 22.9 Armour
 - Level 8.2 Dodging
 - Level 22.0 Shields
 + Level 26.5 Invocations


You had 26 spell levels left.
You didn't know any spells.
Your spell library was empty.

Inventory:

Hand Weapons
 h - the +8 mithril axe "Arga" {speed, Will+}
   (Okawaru gifted it to you on level 14 of the Dungeon)

   Attacks with this weapon are significantly faster.
   Will:      It increases your willpower.
 t - a +3 broad axe of holy wrath
 y - the +7 broad axe "Fymoanamp" (weapon) {speed, Will++ Str-5 Dex+4 SInv}
   (You took it off an orc warrior on level 12 of the Dungeon)

   Attacks with this weapon are significantly faster.
   Str:       It affects your strength (-5).
   Dex:       It affects your dexterity (+4).
   SInv:      It lets you see invisible.
   Will:      It greatly increases your willpower.
Missiles
 e - 8 boomerangs
 q - a silver javelin (quivered)
 J - 5 javelins
Armour
 j - +0 gold dragon scales
 u - a scarf of resistance (worn)
 A - a +0 tower shield (worn)
 C - the +5 scale mail "Gupsif" {rPois rC++ Dex+8 Stlth-}
   (You found it on level 3 of the Vaults)

   Dex:       It affects your dexterity (+8).
   rC:        It greatly protects you from cold.
   rPois:     It protects you from poison.
   Stlth:     It makes you less stealthy.
 D - the +2 pair of boots "Lunk" (worn) {rN++ MP+9 Str+2 Dex-2}
   (You found it on level 2 of the Vaults)

   Str:       It affects your strength (+2).
   Dex:       It affects your dexterity (-2).
   rN:        It greatly protects you from negative energy.
   MP:        It affects your magic capacity (+9).
 E - a +4 crystal plate armour (worn)
 F - the +1 robe "Fyuciger" {Drain rCorr Str+5}
   (Okawaru gifted it to you on level 3 of the Depths)

   Str:       It affects your strength (+5).
   rCorr:     It protects you from acid and corrosion.
   Drain:     It drains your maximum health when unequipped.
 G - the +15 Maxwell's patent armour {-Cast -Tele rElec Will+ rCorr}
   (You acquired it on level 2 of the Swamp)

   rElec:     It insulates you from electricity.
   -Cast:     It prevents spellcasting.
   -Tele:     It prevents most forms of teleportation.
   rCorr:     It protects you from acid and corrosion.
   Will:      It increases your willpower.
 L - a +2 cloak
 N - the +2 hat of the Evening Star (worn) {Int+4}
   (You found it on level 2 of the Realm of Zot)

   Int:       It affects your intelligence (+4).
 O - the +2 pair of gloves "Obodupran" (worn) {-Cast Dex+4 Slay+2}
   (You acquired it on level 5 of the Vaults)

   Dex:       It affects your dexterity (+4).
   Slay:      It affects your accuracy & damage with ranged weapons and melee
   (+2).
   -Cast:     It prevents spellcasting.
Jewellery
 f - a ring of resist corrosion
 i - the ring of Ypodwyp {Ice rPois rN++ Will- rCorr}
   (You took it off Josephina on level 1 of the Realm of Zot)

   [ring of ice]

   It enhances your ice magic.
   rF:        It makes you vulnerable to fire.
   rC:        It protects you from cold.
   rPois:     It protects you from poison.
   rN:        It greatly protects you from negative energy.
   rCorr:     It protects you from acid and corrosion.
   Will:      It decreases your willpower.
 m - the ring of Abstinence {Ice Drain rElec Int-3 Dex+7}
   (You found it on level 13 of the Dungeon)

   [ring of ice]

   It enhances your ice magic.
   Int:       It affects your intelligence (-3).
   Dex:       It affects your dexterity (+7).
   rF:        It makes you vulnerable to fire.
   rC:        It protects you from cold.
   rElec:     It insulates you from electricity.
   Drain:     It drains your maximum health when unequipped.
 r - a ring of protection from cold
 v - a ring of resist corrosion
 w - a +4 ring of evasion (right hand)
 x - an amulet of reflection (around neck)
 I - a ring of protection from fire
 M - a ring of protection from fire
 P - a +4 ring of protection (left hand)
 Y - the ring "Emuy" {rPois rF+ rC+ Dex-3 SInv}
   (You bought it in a shop on level 2 of the Orcish Mines)

   [ring of see invisible]

   Dex:       It affects your dexterity (-3).
   rF:        It protects you from fire.
   rC:        It protects you from cold.
   rPois:     It protects you from poison.
   SInv:      It lets you see invisible.
Scrolls
 a - 22 scrolls of teleportation
 z - 17 scrolls of identify
 B - 2 scrolls of brand weapon
 K - 3 scrolls of enchant weapon
Potions
 b - 7 potions of attraction
 d - 4 potions of might
 g - 16 potions of mutation
 k - 18 potions of curing
 l - 4 potions of magic
 n - 9 potions of lignification
 o - 12 potions of haste
 p - 5 potions of cancellation
 s - 2 potions of resistance

Dungeon Overview and Level Annotations

Branches:
Dungeon (15/15)            Temple (1/1) D:7            Lair (5/5) D:9
  Swamp (4/4) Lair:2       Spider (4/4) Lair:2        Slime (0/5) Lair:5
    Orc (2/2) D:11            Elf (0/3) Orc:2        Vaults (5/5) D:13
  Crypt (3/3) Vaults:2       Tomb (3/3) Crypt:3      Depths (4/4) D:15
    Zot (4/5) Depths:4

Altars:
Ashenzari
Cheibriados
Dithmenos
Elyvilon
Fedhas
Gozag
Hepliaklqana
Kikubaaqudgha
Makhleb
Nemelex Xobeh
Okawaru
Qazlal
Ru
Sif Muna
Trog
Uskayaw
Vehumet
Wu Jian
Xom
Yredelemnul
Zin
The Shining One
Jiyva
Lugonu

Shops:
D:9 *   D:15 (   Orc:2 ([*=   Vaults:1 :   Vaults:2 !   Depths:1 **

Portals:
Hell: Depths:1 Depths:2 Depths:3 Depths:4
Abyss: Lair:5 Depths:3
Pandemonium: Depths:1 Depths:2 Depths:4
Ziggurat: Depths:2
Trove: Vaults:1 (give 17 potions of curing)

Annotations:
D:2 1 runed translucent door, Crazy Yiuf
D:3 1 runed translucent door, qw's ghost, amateur GrFi
D:5 1 runed translucent door, qw's ghost, amateur GrFi
D:12 2 transporters, Gauc's ghost, journeyman HOFi
Lair:1 3 runed translucent doors, qw's ghost, journeyman GrFi
Spider:2 1 runed translucent door, Qyadack's ghost, adept HOFi
Vaults:2 2 transporters, Nornya's ghost, veteran MfSu
Crypt:1 1 runed translucent door, Heot Zafel's ghost, veteran MiGl
Zot:2 2 transporters
Zot:4 3 runed translucent doors, 1 transporter, Beclu's ghost, legendary GnSk


Message History

The smoke demon is moderately wounded.
You slash the smoke demon!
The smoke demon is severely wounded.
You block the smoke demon's attack. x3
You barely miss the smoke demon.
The smoke demon is severely wounded.
You slice the smoke demon!!
You kill the smoke demon!
The Shining One accepts your kill.
You feel better. The smoke demon gestures at you. Something smites you!
The smoke demon gestures at you. Something smites you!
The smoke demon gestures at you. Something smites you!
The smoke demon gestures at you. Something smites you!
The smoke demon gestures at you. Something smites you!
The smoke demon gestures at you. Something smites you!
The smoke demon gestures at you. Something smites you!
The smoke demon gestures at you. Something smites you!
The smoke demon gestures at you. Something smites you!
The smoke demon gestures at you. Something smites you!
70103 ||| READING 23 scrolls of teleportation.
As you read the scroll of teleportation, it crumbles to dust.
You feel strangely unstable. The smoke demon gestures at you.
Something smites you! The smoke demon gestures at you. Something smites you!
The smoke demon gestures at you. Something smites you!
You die...

#.## #..######..#########
#.##. #..#
##..........).).)...###.##.
##.#
#..#######)')######..#..###
#.###..# #~.).~# #....####
#......# #~...~# #)...#...
#..##.## #¤¤..~# #......##
#..##.# # #~...~# #
#.....### #..#..#
#3#¤¤))~#3# #....###.
##..#.## #3#A@.¤¤#3#
#....###. #...#.#
#3#~..¤¤#3# #..#.#...
##.#.#.# #3#~..^¤#3#
#.#..#.#. #..#.#.#
#3#~...~#3# #.#.##?..
#.##.#.#### #3#~...~#3#
#.#)..... ..##......#
#3#~...¤#.# #...#....
.###......# # #~...¤# #
#...#..#.
.###......#.#3#~...¤#.
.#......#. .##.......#
###~...~### #....#...


You could see 7 smoke demons and a friendly angel (summoned).

Vanquished Creatures
  3 dread liches
  3 ancient liches
  2 orbs of fire
  Josephina (Zot:1)
  Boris (Tomb:3)
  29 royal mummies
  Margery (Crypt:3)
  5 caustic shrikes (Depths:4)
  A Killer Klown (Zot:4)
  12 golden dragons
  Jory (Vaults:4)
  A bone dragon (Crypt:2)
  Arachne (Spider:4)
  A Brimstone Fiend (Pan)
  A shard shrike zombie (Tomb:3)
  13 tentacled monstrosities
  An electric golem (Zot:2)
  A Hell Sentinel (Tomb:2)
  Rupert (Lair:3)
  A pandemonium lord (Pan)
  6 liches
  6 deep elf blademasters
  12 titans
  4 quicksilver dragons
  7 deep elf master archers
  7 sphinxes
  Gastronok (Lair:3)
  10 ancient champions
  7 death cobs
  4 shadow dragons
  7 revenants
  8 storm dragons
  Kirke (D:14)
  2 thorn hunters
  3 daevas (Depths:2)
  A tengu reaver (Vaults:5)
  5 draconian knights
  11 draconian monks
  27 frost giants
  5 emperor scorpions
  An iron dragon (Vaults:3)
  19 vault wardens
  A spectral caustic shrike (Crypt:3)
  10 balrugs
  3 cacodemons (Pan)
  2 deep elf sorcerers
  20 fire giants
  9 draconian annihilators
  4 draconian scorchers
  8 draconian stormcallers
  A curse skull (Crypt:2)
  4 orc warlords
  8 ghost moths (Spider:4)
  Louise (D:14)
  A broodmother (Spider:1)
  5 draconian shifters
  A juggernaut skeleton (Tomb:3)
  19 ironbound preservers
  25 stone giants
  21 very ugly things
  2 angels (Depths:2)
  4 ghouls (Crypt:1)
  12 reapers
  3 demonspawn corrupters (Pan)
  2 spriggan defenders (Depths:1)
  2 demonspawn blood saints (Pan)
  4 war gargoyles
  16 green draconians
  13 vampire knights
  12 bennus
  4 ironbound thunderhulks
  2 deep elf demonologists (Depths:3)
  5 eleionomae
  2 demonspawn black suns (Pan)
  13 black draconians
  4 bunyips
  9 white draconians
  2 lorocyprocas (Pan)
  8 spark wasps
  A deep elf annihilator (Depths:3)
  7 dire elephants
  15 yellow draconians
  14 red draconians
  15 purple draconians
  A spark wasp (shapeshifter) (Depths:4)
  3 crystal guardians (Vaults:3)
  23 mummy priests
  8 eidola
  6 ettins
  3 green deaths (Pan)
  2 blizzard demons (Pan)
  A deep elf death mage (Vaults:4)
  5 jiangshi
  10 entropy weavers
  9 fire dragons
  5 shambling mangroves (Swamp:4)
  2 deep elf high priests (Vaults:5)
  6 great orbs of eyes
  Fannar (Lair:3)
  19 yaktaur captains
  A fenstrider witch zombie (Tomb:3)
  9 hydras
  A spectral spriggan (Crypt:3)
  Erolcha (Orc:2)
  3 rakshasas (Depths:1)
  A juggernaut simulacrum (Crypt:3)
  3 ghost crabs
  5 ice dragons
  4 ogre magi
  2 peacekeepers (Vaults:3)
  A spriggan zombie (Tomb:2)
  4 jorogumos
  34 vault guards
  A caustic shrike simulacrum (Tomb:2)
  7 spriggan air magi
  2 catoblepae
  A death yak (Lair:3)
  8 centaur warriors
  A quicksilver dragon skeleton (Crypt:2)
  4 tengu warriors
  3 radroaches
  5 ironbound frosthearts
  6 two-headed ogres
  An alligator (shapeshifter) (Vaults:5)
  2 spectral stone giants (Crypt:3)
  51 death scarabs
  9 alligators
  A hell hog (Depths:4)
  A death knight (D:15)
  8 boulder beetles
  A two-headed ogre (shapeshifter) (D:13)
  3 deep troll shamans
  A titan zombie (Vaults:3)
  8 vampire magi
  2 spectral storm dragons (Crypt:3)
  4 orc high priests (Orc:2)
  4 thrashing horrors (Lair:5)
  6 deep troll earth magi
  7 spriggan berserkers
  8 soul eaters
  2 spectral dire elephants (Crypt:3)
  17 deep elf knights
  30 sun demons
  15 hell knights
  19 skeletal warriors
  2 sun moths
  An iron giant zombie (Crypt:1)
  A spectral minotaur (Crypt:3)
  2 iron trolls
  5 shadow wraiths
  4 sixfirhies
  5 pharaoh ants
  3 cherubim (Depths:2)
  4 goliath frogs
  16 orb spiders
  59 deep trolls
  9 swamp dragons (Swamp:4)
  13 flayed ghosts
  An anaconda zombie (Tomb:2)
  12 deep elf archers
  2 shadow demons (Pan)
  7 steelbarb worms
  5 glowing orange brains
  4 spriggan druids
  4 bog bodies
  A tengu zombie (Vaults:5)
  3 spectral hydras (Swamp:4)
  9 lindwurms
  13 necromancers
  17 phantasmal warriors
  14 ironbound convokers
  2 harpies
  8 deep elf zephyrmancers
  8 wizards
  11 deep elf pyromancers
  2 sphinx zombies
  45 ugly things
  2 golden dragon skeletons (Crypt:2)
  A spectral ettin (Crypt:3)
  3 oklob plants (Swamp:4)
  21 wolf spiders
  13 orc knights
  3 orc sorcerers (Orc:2)
  A frost giant zombie (Crypt:3)
  5 cyclopes
  30 moths of wrath
  4 will-o-the-wisps
  A dire elephant zombie (Crypt:2)
  7 elephants (Lair:3)
  A human zombie (Vaults:5)
  2 manticores
  10 large abominations (Pan)
  A spectral centaur (Crypt:3)
  A spectral alligator snapping turtle (Crypt:3)
  14 smoke demons
  Joseph (D:7)
  A stone giant skeleton (Vaults:4)
  3 black mambas
  4 gargoyles
  24 vault sentinels
  A titan simulacrum (Vaults:4)
  An elephant slug zombie (Crypt:1)
  2 minotaur zombies (Crypt:3)
  A storm dragon simulacrum (Zot:1)
  3 orange demons (Pan)
  7 cane toads
  12 torpor snails
  3 unseen horrors
  A human skeleton (Vaults:4)
  An iron troll zombie (Crypt:1)
  37 yaktaurs
  2 efreet (D:13)
  6 tormentors (Pan)
  17 demonic crawlers
  20 freezing wraiths
  A hellion (Pan)
  2 death yak zombies
  2 kobold demonologists (D:11)
  8 komodo dragons
  9 tengu conjurers
  A catoblepas skeleton (Crypt:1)
  A harpy zombie (Crypt:3)
  A queen bee (Lair:3)
  3 spectral harpies (Crypt:3)
  3 trolls
  7 meliai
  An ancient zyme (Lair:5)
  41 guardian mummies
  A golden dragon simulacrum (Crypt:3)
  29 hornets
  A hydra zombie (Swamp:4)
  5 tyrant leeches
  8 polar bears
  Grinder (D:6)
  18 dream sheep (Lair:5)
  A death drake skeleton (Swamp:4)
  45 tarantellas
  A dream sheep (shapeshifter) (Vaults:5)
  20 blink frogs
  4 hydra skeletons (Swamp:4)
  27 jumping spiders
  28 slime creatures
  18 flying skulls
  An ettin zombie (Crypt:2)
  A jumping spider (shapeshifter) (D:14)
  A spectral black mamba (Crypt:3)
  4 fire dragon skeletons (Crypt:2)
  2 shadows (Crypt:3)
  A centaur simulacrum (Tomb:3)
  A water elemental (Depths:3)
  A ynoxinul (Lair:5)
  2 elf zombies
  35 culicivoras
  19 spriggans
  A dire elephant simulacrum (Crypt:3)
  22 ushabtiu
  5 wraiths
  A vampire (D:12)
  A yak (shapeshifter) (D:13)
  6 wyverns
  48 yaks
  A golden eye (shapeshifter) (D:13)
  7 humans (D:14)
  10 basilisks
  8 chaos spawn
  A red draconian simulacrum (Zot:1)
  A purple draconian simulacrum (Zot:1)
  3 steam dragons (Lair:3)
  77 redbacks
  A green draconian simulacrum (Zot:1)
  13 vampire mosquitoes
  2 elf skeletons
  A neqoxec (Pan)
  A harpy simulacrum (Crypt:3)
  Edmund (D:6)
  15 swamp worms
  An acid dragon (D:11)
  4 wargs
  17 water moccasins
  A moth of wrath simulacrum (Zot:1)
  3 hydra simulacra (Swamp:4)
  6 swamp drakes
  Duvessa (D:6)
  A naga skeleton (Tomb:2)
  34 orc warriors
  A sky beast (D:6)
  3 ice beasts
  A cane toad skeleton (Crypt:2)
  An ogre (shapeshifter) (Lair:5)
  A black bear (shapeshifter) (D:13)
  4 black bears
  A blink frog zombie (Crypt:2)
  A swamp dragon zombie (Swamp:4)
  7 boggarts
  10 wolves
  10 ogres
  2 centaurs
  A phantom (D:6)
  4 gnoll sergeants
  12 bullfrogs
  2 kobold brigands
  4 necrophages
  8 wights (D:6)
  4 scorpions
  Dowan (D:6)
  8 small abominations (Lair:5)
  A human simulacrum (Vaults:4)
  28 killer bees
  A howler monkey (D:12)
  2 electric eels (Lair:4)
  2 gnoll boudas
  A bullfrog skeleton (Crypt:2)
  5 hounds
  3 jellies
  29 orc priests
  Natasha (thrice) (D:2)
  37 orc wizards
  4 iguanas
  A boggart skeleton (Crypt:1)
  A boggart simulacrum (D:13)
  40 mummies
  34 gnolls
  A swamp drake zombie (Crypt:3)
  A howler monkey skeleton (Crypt:3)
  A steam dragon zombie (Crypt:2)
  15 adders
  2 river rats (D:4)
  2 shadow imps
  3 white imps
  2 ufetubi
  An iguana zombie (Crypt:1)
  A lava snake zombie (Crypt:2)
  An adder skeleton (Crypt:1)
  5 worms
  5 dart slugs
  96 orcs
  5 ball pythons
  9 endoplasms
  4 giant cockroaches
  13 goblins
  8 hobgoblins
  8 kobolds
  3 quokkas
  5 bats
  5 frilled lizards
  7 rats
2648 creatures vanquished.

Vanquished Creatures (collateral kills)
  A pandemonium lord (Pan)
  6 royal mummies
  2 titans
  An ancient champion (Tomb:2)
  A revenant (Tomb:1)
  2 balrugs (Pan)
  A cacodemon (Pan)
  4 frost giants
  A caustic shrike zombie (Tomb:3)
  3 reapers (Pan)
  2 demonspawn corrupters (Pan)
  A demonspawn black sun (Pan)
  A green draconian (Tomb:1)
  A lorocyproca (Pan)
  6 mummy priests
  6 death scarabs
  A soul eater (Pan)
  4 sun demons (Pan)
  A skeletal warrior (Tomb:1)
  3 sixfirhies (Pan)
  A shadow demon (Pan)
  3 deep elf archers
  A deep elf pyromancer (Tomb:1)
  3 orange demons (Pan)
  3 smoke demons (Pan)
  4 demonic crawlers (Pan)
  4 guardian mummies
  An ice devil (Pan)
  A red devil (Pan)
  5 ushabtiu
  A large abomination (Pan)
  6 mummies
81 creatures vanquished.

Vanquished Creatures (others)
  A white draconian (Zot:4)
  An alligator (Swamp:1)
  Sonja (Lair:4)
  A deep elf knight (Tomb:1)
  An unseen horror (D:12)
  A tarantella (Spider:4)
  4 bloated husks
  An orc warrior (Orc:2)
  9 foxfires
  28 fungi
  49 plants
  2 withered plants (D:5)
99 creatures vanquished.

Grand Total: 2828 creatures vanquished

Notes
Turn   | Place    | Note
-------+----------+-------------------------------------------
     0 | D:1      | qw the Gargoyle Fighter began the quest for the Orb.
     0 | D:1      | Reached XP level 1. HP: 14/14 MP: 1/1
     0 | D:1      | 0 ||| qw: Version: 0.2-a-17-g06abaee
     0 | D:1      | 0 ||| qw: Game counter: 2138
     0 | D:1      | 0 ||| qw: Always use a shield: true
     0 | D:1      | 0 ||| qw: God list: Okawaru
     0 | D:1      | 0 ||| qw: Allow faded altars: false
     0 | D:1      | 0 ||| qw: Do Orc after D:15 true
     0 | D:1      | 0 ||| qw: Do second Lair branch before Depths: true
     0 | D:1      | 0 ||| qw: Lair rune preference: random
     0 | D:1      | 0 ||| qw: Plans: Normal, Zot:1-4, God:TSO, Crypt, Tomb,
                  | Pan, Slime:5, Hells, Abyss, Orb
     0 | D:1      | 0 ||| PLANNING D:1-11
     4 | D:1      | 4 ||| Stepping ~*~*~tactically~*~*~ (stealth).
    95 | D:1      | Reached XP level 2. HP: 19/19 MP: 2/2
   154 | D:1      | 154 ||| Stepping ~*~*~tactically~*~*~ (stealth).
   163 | D:1      | Reached skill level 3 in Axes
   197 | D:1      | 197 ||| DROPPING +0 club.
   205 | D:1      | Reached XP level 3. HP: 23/23 MP: 3/3
   207 | D:1      | 207 ||| Stepping ~*~*~tactically~*~*~ (hiding).
   571 | D:1      | 571 ||| UPGRADING to +6 ring of strength.
   572 | D:1      | 572 ||| READING scroll labelled NYGOPL LARO.
   573 | D:1      | 573 ||| DRINKING 2 emerald potions.
   676 | D:2      | Noticed Natasha
   684 | D:2      | HP: 3/23 [Natasha (7)]
   686 | D:2      | Killed Natasha
   687 | D:2      | Reached XP level 4. HP: 4/28 MP: 4/4
   737 | D:2      | Noticed Natasha
   738 | D:2      | 738 ||| Stepping ~*~*~tactically~*~*~ (stealth).
   744 | D:2      | Killed Natasha
   904 | D:2      | 904 ||| Stepping ~*~*~tactically~*~*~ (stealth).
   906 | D:2      | 906 ||| Stepping ~*~*~tactically~*~*~ (stealth).
   964 | D:2      | Reached XP level 5. HP: 27/32 MP: 5/5
  1363 | D:2      | Found a runed translucent door.
  1364 | D:2      | Noticed Crazy Yiuf
  1471 | D:2      | Noticed Natasha
  1475 | D:2      | Killed Natasha
  1623 | D:2      | 1623 ||| UPGRADING to +0 cloak.
  1628 | D:2      | 1628 ||| READING 2 scrolls labelled QIGAITHOTAW.
  1700 | D:2      | 1700 ||| READING scroll labelled ADEOR QEPLE.
  1959 | D:3      | 1959 ||| Stepping ~*~*~tactically~*~*~ (hiding).
  1961 | D:3      | 1961 ||| Stepping ~*~*~tactically~*~*~ (hiding).
  2193 | D:3      | Reached skill level 1 in Dodging
  2272 | D:3      | Found a runed translucent door.
  2273 | D:3      | Noticed qw's ghost (amateur GrFi)
  2319 | D:3      | Found a faded altar of an unknown god.
  2442 | D:3      | 2442 ||| Stepping ~*~*~tactically~*~*~ (stealth).
  2659 | D:3      | Found a sparkling altar of Nemelex Xobeh.
  2723 | D:3      | 2723 ||| UPGRADING to +1 pair of boots.
  2728 | D:3      | 2728 ||| UPGRADING to +0 chain mail.
  2738 | D:3      | 2738 ||| DROPPING +0 scale mail.
  2739 | D:3      | 2739 ||| UPGRADING to amulet of regeneration.
  2757 | D:4      | 2757 ||| PLANNING SEWER
  2831 | D:4      | Reached XP level 6. HP: 38/38 MP: 6/6
  3127 | D:4      | Noticed a black bear
  3133 | D:4      | Killed a black bear
  3200 | D:4      | Reached skill level 6 in Axes
  3297 | D:4      | Reached XP level 7. HP: 41/43 MP: 7/7
  3303 | D:4      | Found a glowing drain.
  3304 | D:4      | 3304 ||| UPGRADING to +0 plate armour.
  3314 | D:4      | 3314 ||| DROPPING +0 chain mail.
  3315 | D:4      | 3315 ||| UPGRADING to ring of resist corrosion.
  3316 | D:4      | 3316 ||| READING scroll labelled WIBIUKHLA UNOA.
  3317 | D:4      | 3317 ||| DRINKING 2 bubbling ruby potions.
  3318 | D:4      | 3318 ||| DRINKING 2 red potions.
  3363 | D:4      | 3363 ||| DRINKING 2 fizzy green potions.
  3364 | D:4      | 3364 ||| DROPPING potion of flight.
  3425 | D:4      | 3425 ||| RIP SEWER
  3425 | D:4      | 3425 ||| PLANNING D:1-11
  3438 | D:5      | Entered Level 5 of the Dungeon
  3492 | D:5      | 3492 ||| DROPPING +0 whip.
  3495 | D:5      | 3495 ||| DROPPING +0 flail.
  3573 | D:5      | 3573 ||| Stepping ~*~*~tactically~*~*~ (stealth).
  3594 | D:5      | Reached XP level 8. HP: 49/49 MP: 8/8
  3603 | D:5      | 3603 ||| Stepping ~*~*~tactically~*~*~ (hiding).
  3612 | D:5      | 3612 ||| Stepping ~*~*~tactically~*~*~ (stealth).
  3614 | D:5      | 3614 ||| Stepping ~*~*~tactically~*~*~ (hiding).
  3616 | D:5      | 3616 ||| Stepping ~*~*~tactically~*~*~ (hiding).
  3965 | D:5      | Found a runed translucent door.
  3965 | D:5      | Noticed qw's ghost (amateur GrFi)
  4120 | D:5      | 4120 ||| DROPPING amulet of magic regeneration.
  4121 | D:5      | 4121 ||| READING scroll labelled VEEJIO PODGH.
  4122 | D:5      | 4122 ||| READING scroll labelled BUMAUN CUUQ.
  4123 | D:5      | 4123 ||| DRINKING 2 viscous inky potions.
  4124 | D:5      | 4124 ||| DROPPING potion of degeneration.
  4151 | D:6      | Noticed Duvessa
  4154 | D:6      | Noticed Dowan
  4162 | D:6      | Killed Duvessa
  4182 | D:6      | Killed Dowan
  4326 | D:6      | Reached skill level 6 in Fighting
  4343 | D:6      | 4343 ||| SWAPPING to +3 war axe.
  4344 | D:6      | 4344 ||| DROPPING +1 war axe.
  4458 | D:6      | 4458 ||| Stepping ~*~*~tactically~*~*~ (hiding).
  4463 | D:6      | Reached XP level 9. HP: 51/55 MP: 9/9
  4487 | D:6      | Reached skill level 9 in Axes
  4516 | D:6      | 4516 ||| Stepping ~*~*~tactically~*~*~ (stealth).
  4523 | D:6      | 4523 ||| Stepping ~*~*~tactically~*~*~ (stealth).
  4545 | D:6      | 4545 ||| Stepping ~*~*~tactically~*~*~ (stealth).
  4580 | D:6      | Noticed Edmund
  4587 | D:6      | Killed Edmund
  4589 | D:6      | Noticed Grinder
  4590 | D:6      | Paralysed by Grinder for 4 turns
  4597 | D:6      | Paralysed by Grinder for 2 turns
  4600 | D:6      | Killed Grinder
  4648 | D:6      | Reached skill level 6 in Armour
  4697 | D:6      | 4697 ||| Stepping ~*~*~tactically~*~*~ (stealth).
  4776 | D:6      | 4776 ||| Stepping ~*~*~tactically~*~*~ (stealth).
  4844 | D:6      | 4844 ||| READING scroll labelled ZICSEA GIJ FUP.
  4845 | D:6      | 4845 ||| READING scroll labelled ZISOGARUECW.
  4846 | D:6      | 4846 ||| READING scroll labelled XAERYW QOXANEU.
  4847 | D:6      | 4847 ||| DRINKING 2 silvery potions.
  4848 | D:6      | 4848 ||| DRINKING 2 bubbling dark potions.
  4848 | D:6      | Gained mutation: Your skin changes colour to match your
                  | surroundings (Stealth+). [potion of mutation]
  4848 | D:6      | Gained mutation: You are vulnerable to heat. (rF-) [potion
                  | of mutation]
  4848 | D:6      | Gained mutation: You are agile. (Dex +4, Str/Int -1)
                  | [potion of mutation]
  4849 | D:6      | 4849 ||| DRINKING potion of mutation.
  4849 | D:6      | Lost mutation: You are agile. (Dex +4, Str/Int -1) [potion
                  | of mutation]
  4849 | D:6      | Lost mutation: Your skin changes colour to match your
                  | surroundings (Stealth+). [potion of mutation]
  4849 | D:6      | Lost mutation: You are vulnerable to heat. (rF-) [potion of
                  | mutation]
  4849 | D:6      | Gained mutation: Your magical capacity is low. (-10% MP)
                  | [potion of mutation]
  4849 | D:6      | Gained mutation: You possess an exceptional clarity of
                  | mind. [potion of mutation]
  4849 | D:6      | Gained mutation: You have a pair of small horns on your
                  | head. [potion of mutation]
  4850 | D:6      | 4850 ||| DRINKING 2 fuming grey potions.
  4955 | D:6      | 4955 ||| DROPPING potion of brilliance.
  4956 | D:6      | 4956 ||| DROPPING potion of berserk rage.
  5034 | D:7      | 5034 ||| Stepping ~*~*~tactically~*~*~ (hiding).
  5040 | D:7      | 5040 ||| Stepping ~*~*~tactically~*~*~ (hiding).
  5200 | D:7      | Found a staircase to the Ecumenical Temple.
  5201 | D:7      | 5201 ||| PLANNING TEMPLE
  5201 | D:7      | 5201 ||| READING scroll labelled IGAOT HI XINEI.
  5215 | D:7      | Noticed Joseph
  5216 | D:7      | 5216 ||| Stepping ~*~*~tactically~*~*~ (hiding).
  5218 | D:7      | 5218 ||| Stepping ~*~*~tactically~*~*~ (hiding).
  5219 | D:7      | 5219 ||| Stepping ~*~*~tactically~*~*~ (hiding).
  5236 | D:7      | Killed Joseph
  5237 | D:7      | Reached XP level 10. HP: 26/65 MP: 9/9
  5282 | Temple   | Entered the Ecumenical Temple
  5381 | Temple   | 5381 ||| PLANNING OKAWARU WORSHIP
  5472 | Temple   | Became a worshipper of Warmaster Okawaru
  5473 | Temple   | 5473 ||| PLANNING D:1-11
  5537 | D:7      | Found an opulent altar of Gozag.
  5693 | D:7      | 5693 ||| Stepping ~*~*~tactically~*~*~ (stealth).
  5696 | D:7      | 5696 ||| Stepping ~*~*~tactically~*~*~ (stealth).
  5706 | D:7      | Reached skill level 1 in Throwing
  5735 | D:7      | 5735 ||| Stepping ~*~*~tactically~*~*~ (hiding).
  5907 | D:7      | 5907 ||| Stepping ~*~*~tactically~*~*~ (stealth).
  5911 | D:7      | 5911 ||| Stepping ~*~*~tactically~*~*~ (hiding).
  5916 | D:7      | Found a radiant altar of Vehumet.
  5994 | D:7      | 5994 ||| Stepping ~*~*~tactically~*~*~ (hiding).
  6159 | D:8      | 6159 ||| STAIRDANCE
  6192 | D:8      | Reached * piety under Okawaru
  6335 | D:8      | 6335 ||| Stepping ~*~*~tactically~*~*~ (hiding).
  6356 | D:8      | Reached skill level 1 in Invocations
  6387 | D:8      | Reached skill level 2 in Invocations
  6564 | D:8      | 6564 ||| Stepping ~*~*~tactically~*~*~ (stealth).
  6571 | D:8      | 6571 ||| Stepping ~*~*~tactically~*~*~ (stealth).
  6573 | D:8      | 6573 ||| Stepping ~*~*~tactically~*~*~ (hiding).
  6756 | D:8      | 6756 ||| Stepping ~*~*~tactically~*~*~ (stealth).
  6983 | D:8      | 6983 ||| UPGRADING to +0 pair of gloves.
  6988 | D:8      | 6988 ||| UPGRADING to +0 kite shield.
  6998 | D:8      | 6998 ||| DROPPING +0 buckler.
  6999 | D:8      | 6999 ||| UPGRADING to amulet of reflection.
  7009 | D:8      | 7009 ||| DROPPING amulet of regeneration.
  7010 | D:8      | 7010 ||| READING scroll labelled QUPSEE CYUXZUONG.
  7011 | D:8      | 7011 ||| READING 3 scrolls labelled WEALYAMNULAI.
  7012 | D:8      | 7012 ||| DRINKING 2 clear potions.
  7013 | D:8      | 7013 ||| READING 2 scrolls of identify.
  7013 | D:8      | 7013 ||| IDENTIFYING yellow potion
  7051 | D:9      | 7051 ||| Stepping ~*~*~tactically~*~*~ (stealth).
  7053 | D:9      | 7053 ||| Stepping ~*~*~tactically~*~*~ (hiding).
  7081 | D:9      | Reached ** piety under Okawaru
  7128 | D:9      | 7128 ||| Stepping ~*~*~tactically~*~*~ (stealth).
  7152 | D:9      | 7152 ||| Stepping ~*~*~tactically~*~*~ (stealth).
  7158 | D:9      | Reached skill level 3 in Invocations
  7164 | D:9      | 7164 ||| INVOKING Heroism.
  7330 | D:9      | 7330 ||| SWAPPING to +2 war axe of freezing.
  7331 | D:9      | 7331 ||| DROPPING +3 war axe.
  7375 | D:9      | 7375 ||| Stepping ~*~*~tactically~*~*~ (hiding).
  7377 | D:9      | 7377 ||| INVOKING Heroism.
  7397 | D:9      | Found Fiopt's General Store.
  7410 | D:9      | 7410 ||| BUYING scroll of enchant weapon (90 gold).
  7410 | D:9      | Bought a scroll of enchant weapon for 90 gold pieces
  7410 | D:9      | 7410 ||| READING scroll of enchant weapon.
  7410 | D:9      | 7410 ||| ENCHANTING +2 war axe of freezing.
  7412 | D:9      | 7412 ||| Stepping ~*~*~tactically~*~*~ (hiding).
  7414 | D:9      | 7414 ||| INVOKING Heroism.
  7562 | D:9      | Noticed a two-headed ogre
  7563 | D:9      | 7563 ||| INVOKING Heroism.
  7567 | D:9      | Killed a two-headed ogre
  7568 | D:9      | Reached skill level 6 in Shields
  7568 | D:9      | Reached skill level 4 in Invocations
  7594 | D:9      | 7594 ||| READING scroll of enchant weapon.
  7594 | D:9      | 7594 ||| ENCHANTING +3 war axe of freezing.
  7619 | D:9      | Found a staircase to the Lair.
  7729 | D:9      | Found an ornate altar of the Wu Jian Council.
  7754 | D:9      | 7754 ||| Stepping ~*~*~tactically~*~*~ (stealth).
  7757 | D:9      | 7757 ||| Stepping ~*~*~tactically~*~*~ (stealth).
  7771 | D:9      | Reached *** piety under Okawaru
  7779 | D:9      | Reached XP level 11. HP: 69/69 MP: 13/13
  7996 | D:9      | 7996 ||| PLANNING LAIR
  7996 | D:9      | 7996 ||| UPGRADING to ring of protection from cold.
  7998 | D:9      | 7998 ||| READING scroll labelled HOIGOI VYBYFI.
  7999 | D:9      | 7999 ||| READING scroll labelled MEETRU ADGHAN.
  8000 | D:9      | 8000 ||| READING 3 scrolls of identify.
  8000 | D:9      | 8000 ||| IDENTIFYING sapphire potion
  8001 | D:9      | 8001 ||| READING 2 scrolls of identify.
  8001 | D:9      | 8001 ||| IDENTIFYING orange potion
  8045 | Lair:1   | Entered Level 1 of the Lair of Beasts
  8063 | Lair:1   | 8063 ||| INVOKING Heroism.
  8075 | Lair:1   | Reached skill level 9 in Shields
  8156 | Lair:1   | 8156 ||| INVOKING Heroism.
  8234 | Lair:1   | 8234 ||| Stepping ~*~*~tactically~*~*~ (stealth).
  8241 | Lair:1   | 8241 ||| Stepping ~*~*~tactically~*~*~ (stealth).
  8248 | Lair:1   | 8248 ||| INVOKING Heroism.
  8355 | Lair:1   | 8355 ||| INVOKING Heroism.
  8369 | Lair:1   | Received a gift from Okawaru
  8400 | Lair:1   | Found a runed translucent gate.
  8400 | Lair:1   | Found a runed translucent gate.
  8401 | Lair:1   | Found a runed translucent gate.
  8432 | Lair:1   | Noticed qw's ghost (journeyman GrFi)
  8432 | Lair:1   | Noticed an 11-headed hydra
  8488 | Lair:1   | 8488 ||| INVOKING Heroism.
  8495 | Lair:1   | Reached **** piety under Okawaru
  8622 | Lair:1   | 8622 ||| INVOKING Heroism.
  8632 | Lair:1   | Reached skill level 5 in Invocations
  8950 | Lair:1   | 8950 ||| DROPPING +1 pair of boots.
  8951 | Lair:1   | 8951 ||| READING 2 scrolls of identify.
  8951 | Lair:1   | 8951 ||| IDENTIFYING lumpy inky potion
  8952 | Lair:1   | 8952 ||| DROPPING potion of ambrosia.
  9013 | Lair:2   | Found a staircase to the Swamp.
  9040 | Lair:2   | 9040 ||| INVOKING Heroism.
  9093 | Lair:2   | 9093 ||| INVOKING Heroism.
  9108 | Lair:2   | Reached skill level 6 in Invocations
  9140 | Lair:2   | 9140 ||| Stepping ~*~*~tactically~*~*~ (stealth).
  9167 | Lair:2   | 9167 ||| INVOKING Heroism.
  9176 | Lair:2   | Reached skill level 9 in Fighting
  9177 | Lair:2   | Reached ***** piety under Okawaru
  9181 | Lair:2   | Reached XP level 12. HP: 61/76 MP: 13/15
  9183 | Lair:2   | Reached skill level 7 in Invocations
  9257 | Lair:2   | Identified the +5 ring mail of Inviolability {rElec rPois
                  | Str+4}
  9274 | Lair:2   | You fall into a shaft and drop 1 floor!
  9323 | Lair:3   | 9323 ||| READING scroll of enchant weapon.
  9323 | Lair:3   | 9323 ||| ENCHANTING +4 war axe of venom.
  9327 | Lair:3   | 9327 ||| Stepping ~*~*~tactically~*~*~ (stealth).
  9329 | Lair:3   | 9329 ||| INVOKING Heroism.
  9340 | Lair:3   | 9340 ||| Stepping ~*~*~tactically~*~*~ (stealth).
  9342 | Lair:3   | 9342 ||| Stepping ~*~*~tactically~*~*~ (stealth).
  9342 | Lair:3   | Noticed Gastronok
  9354 | Lair:3   | Killed Gastronok
  9426 | Lair:3   | 9426 ||| Stepping ~*~*~tactically~*~*~ (stealth).
  9427 | Lair:3   | 9427 ||| Stepping ~*~*~tactically~*~*~ (stealth).
  9429 | Lair:3   | 9429 ||| INVOKING Heroism.
  9433 | Lair:3   | Reached skill level 8 in Invocations
  9441 | Lair:3   | Received a gift from Okawaru
  9456 | Lair:3   | 9456 ||| Stepping ~*~*~tactically~*~*~ (stealth).
  9462 | Lair:3   | 9462 ||| INVOKING Heroism.
  9558 | Lair:3   | 9558 ||| SWAPPING to +2 broad axe of venom.
  9559 | Lair:3   | 9559 ||| DROPPING +5 war axe of venom.
  9576 | Lair:3   | 9576 ||| READING scroll labelled MAR ABRER XIBB.
  9625 | Lair:3   | 9625 ||| READING 3 scrolls of identify.
  9625 | Lair:3   | 9625 ||| IDENTIFYING metallic yellow potion
  9682 | Lair:2   | 9682 ||| INVOKING Heroism.
  9748 | Lair:2   | 9748 ||| READING scroll of enchant weapon.
  9748 | Lair:2   | 9748 ||| ENCHANTING +2 broad axe of venom.
  9795 | Lair:2   | Reached skill level 9 in Invocations
  9797 | Lair:2   | 9797 ||| Stepping ~*~*~tactically~*~*~ (stealth).
  9881 | Lair:2   | 9881 ||| Stepping ~*~*~tactically~*~*~ (stealth).
  9883 | Lair:2   | 9883 ||| INVOKING Heroism.
  9890 | Lair:2   | Reached skill level 12 in Axes
 10012 | Lair:2   | Found a hole to the Spider Nest.
 10508 | Lair:3   | Noticed Rupert
 10509 | Lair:3   | 10509 ||| INVOKING Heroism.
 10510 | Lair:3   | 10510 ||| INVOKING Finesse.
 10531 | Lair:3   | Killed Rupert
 10531 | Lair:3   | Noticed Fannar
 10550 | Lair:3   | Killed Fannar
 10550 | Lair:3   | Identified the +4 pair of gloves of Distant Shores {Int+7}
                  | (Okawaru gifted it to you on level 3 of the Lair of Beasts)
 10550 | Lair:3   | Received a gift from Okawaru
 10551 | Lair:3   | Reached skill level 10 in Invocations
 10731 | Lair:3   | Reached skill level 9 in Armour
 10804 | Lair:3   | 10804 ||| INVOKING Heroism.
 10809 | Lair:3   | 10809 ||| Stepping ~*~*~tactically~*~*~ (stealth).
 10823 | Lair:3   | 10823 ||| Stepping ~*~*~tactically~*~*~ (stealth).
 10826 | Lair:3   | 10826 ||| Stepping ~*~*~tactically~*~*~ (stealth).
 10827 | Lair:3   | 10827 ||| Stepping ~*~*~tactically~*~*~ (stealth).
 10828 | Lair:3   | 10828 ||| Stepping ~*~*~tactically~*~*~ (stealth).
 10831 | Lair:3   | 10831 ||| Stepping ~*~*~tactically~*~*~ (stealth).
 10832 | Lair:3   | 10832 ||| Stepping ~*~*~tactically~*~*~ (stealth).
 10833 | Lair:3   | 10833 ||| Stepping ~*~*~tactically~*~*~ (stealth).
 10845 | Lair:3   | 10845 ||| INVOKING Heroism.
 10914 | Lair:3   | 10914 ||| FLEEEEING.
 10915 | Lair:3   | 10915 ||| FLEEEEING.
 10916 | Lair:3   | 10916 ||| FLEEEEING.
 10917 | Lair:3   | 10917 ||| FLEEEEING.
 10918 | Lair:3   | 10918 ||| FLEEEEING.
 10919 | Lair:3   | 10919 ||| FLEEEEING.
 10920 | Lair:3   | 10920 ||| FLEEEEING.
 10921 | Lair:3   | 10921 ||| FLEEEEING.
 10922 | Lair:3   | 10922 ||| STAIRDANCE
 10924 | Lair:2   | 10924 ||| UPGRADING to +4 pair of gloves of Distant Shores
                  | {Int+7}.
 10934 | Lair:2   | 10934 ||| DROPPING +0 pair of gloves.
 10937 | Lair:3   | 10937 ||| INVOKING Heroism.
 10943 | Lair:3   | Reached XP level 13. HP: 74/80 MP: 16/18
 10980 | Lair:3   | 10980 ||| Stepping ~*~*~tactically~*~*~ (stealth).
 10983 | Lair:3   | 10983 ||| INVOKING Heroism.
 11023 | Lair:3   | 11023 ||| Stepping ~*~*~tactically~*~*~ (stealth).
 11046 | Lair:3   | 11046 ||| INVOKING Heroism.
 11082 | Lair:3   | 11082 ||| INVOKING Heroism.
 11096 | Lair:3   | 11096 ||| Stepping ~*~*~tactically~*~*~ (stealth).
 11163 | Lair:3   | 11163 ||| FLEEEEING.
 11164 | Lair:3   | 11164 ||| FLEEEEING.
 11166 | Lair:3   | 11166 ||| SWAPPING to +0 vampiric war axe.
 11168 | Lair:3   | 11168 ||| FLEEEEING.
 11169 | Lair:3   | 11169 ||| FLEEEEING.
 11170 | Lair:3   | 11170 ||| FLEEEEING.
 11171 | Lair:3   | 11171 ||| FLEEEEING.
 11172 | Lair:3   | 11172 ||| FLEEEEING.
 11173 | Lair:3   | 11173 ||| FLEEEEING.
 11174 | Lair:3   | 11174 ||| FLEEEEING.
 11175 | Lair:3   | 11175 ||| FLEEEEING.
 11176 | Lair:3   | 11176 ||| FLEEEEING.
 11177 | Lair:3   | 11177 ||| FLEEEEING.
 11178 | Lair:3   | 11178 ||| FLEEEEING.
 11179 | Lair:3   | 11179 ||| FLEEEEING.
 11180 | Lair:3   | 11180 ||| STAIRDANCE
 11314 | Lair:3   | 11314 ||| INVOKING Heroism.
 11315 | Lair:3   | 11315 ||| INVOKING Finesse.
 11516 | Lair:3   | 11516 ||| Stepping ~*~*~tactically~*~*~ (stealth).
 11541 | Lair:3   | 11541 ||| Stepping ~*~*~tactically~*~*~ (stealth).
 11543 | Lair:3   | 11543 ||| Stepping ~*~*~tactically~*~*~ (stealth).
 11545 | Lair:3   | 11545 ||| Stepping ~*~*~tactically~*~*~ (hiding).
 11551 | Lair:3   | 11551 ||| INVOKING Heroism.
 11616 | Lair:3   | 11616 ||| Stepping ~*~*~tactically~*~*~ (stealth).
 11869 | Lair:3   | 11869 ||| UPGRADING to scarf of resistance.
 11922 | Lair:4   | Noticed Sonja
 11923 | Lair:4   | 11923 ||| INVOKING Finesse.
 11955 | Lair:4   | 11955 ||| INVOKING Heroism.
 11961 | Lair:4   | Killed Sonja
 12401 | Lair:4   | 12401 ||| INVOKING Heroism.
 12407 | Lair:4   | 12407 ||| Stepping ~*~*~tactically~*~*~ (water).
 12826 | Lair:4   | 12826 ||| DROPPING ring of magical power.
 12873 | Lair:5   | Entered Level 5 of the Lair of Beasts
 12877 | Lair:5   | 12877 ||| INVOKING Heroism.
 12955 | Lair:5   | 12955 ||| Stepping ~*~*~tactically~*~*~ (hiding).
 12956 | Lair:5   | 12956 ||| Stepping ~*~*~tactically~*~*~ (hiding).
 12960 | Lair:5   | 12960 ||| INVOKING Heroism.
 13005 | Lair:5   | 13005 ||| Stepping ~*~*~tactically~*~*~ (stealth).
 13023 | Lair:5   | 13023 ||| Stepping ~*~*~tactically~*~*~ (stealth).
 13025 | Lair:5   | 13025 ||| Stepping ~*~*~tactically~*~*~ (hiding).
 13029 | Lair:5   | 13029 ||| INVOKING Heroism.
 13076 | Lair:5   | 13076 ||| Stepping ~*~*~tactically~*~*~ (stealth).
 13092 | Lair:5   | 13092 ||| INVOKING Heroism.
 13183 | Lair:5   | 13183 ||| INVOKING Heroism.
 13291 | Lair:5   | 13291 ||| INVOKING Heroism.
 13334 | Lair:5   | 13334 ||| INVOKING Heroism.
 13351 | Lair:5   | 13351 ||| Stepping ~*~*~tactically~*~*~ (stealth).
 13352 | Lair:5   | 13352 ||| Stepping ~*~*~tactically~*~*~ (stealth).
 13354 | Lair:5   | 13354 ||| Stepping ~*~*~tactically~*~*~ (stealth).
 13355 | Lair:5   | 13355 ||| Stepping ~*~*~tactically~*~*~ (stealth).
 13365 | Lair:5   | 13365 ||| Stepping ~*~*~tactically~*~*~ (stealth).
 13392 | Lair:5   | 13392 ||| INVOKING Heroism.
 13394 | Lair:5   | 13394 ||| Stepping ~*~*~tactically~*~*~ (stealth).
 13464 | Lair:5   | 13464 ||| Stepping ~*~*~tactically~*~*~ (hiding).
 13468 | Lair:5   | 13468 ||| INVOKING Heroism.
 13470 | Lair:5   | 13470 ||| INVOKING Finesse.
 13744 | Lair:5   | 13744 ||| INVOKING Heroism.
 13764 | Lair:5   | 13764 ||| Stepping ~*~*~tactically~*~*~ (stealth).
 13768 | Lair:5   | 13768 ||| Stepping ~*~*~tactically~*~*~ (stealth).
 13795 | Lair:5   | 13795 ||| Stepping ~*~*~tactically~*~*~ (stealth).
 13806 | Lair:5   | 13806 ||| INVOKING Heroism.
 13812 | Lair:5   | Gained mutation: Your large and strong wings let you fly.
                  | [Gargoyle growth]
 13812 | Lair:5   | Reached XP level 14. HP: 90/90 MP: 16/19
 13820 | Lair:5   | 13820 ||| Stepping ~*~*~tactically~*~*~ (stealth).
 13845 | Lair:5   | 13845 ||| Stepping ~*~*~tactically~*~*~ (stealth).
 13866 | Lair:5   | 13866 ||| Stepping ~*~*~tactically~*~*~ (hiding).
 13892 | Lair:5   | 13892 ||| INVOKING Heroism.
 13934 | Lair:5   | 13934 ||| Stepping ~*~*~tactically~*~*~ (hiding).
 13943 | Lair:5   | 13943 ||| Stepping ~*~*~tactically~*~*~ (stealth).
 13950 | Lair:5   | 13950 ||| Stepping ~*~*~tactically~*~*~ (stealth).
 13952 | Lair:5   | 13952 ||| Stepping ~*~*~tactically~*~*~ (stealth).
 13953 | Lair:5   | 13953 ||| Stepping ~*~*~tactically~*~*~ (stealth).
 13959 | Lair:5   | 13959 ||| Stepping ~*~*~tactically~*~*~ (stealth).
 14016 | Lair:5   | 14016 ||| Stepping ~*~*~tactically~*~*~ (stealth).
 14018 | Lair:5   | 14018 ||| Stepping ~*~*~tactically~*~*~ (hiding).
 14087 | Lair:5   | 14087 ||| Stepping ~*~*~tactically~*~*~ (hiding).
 14120 | Lair:5   | 14120 ||| Stepping ~*~*~tactically~*~*~ (stealth).
 14129 | Lair:5   | Reached skill level 12 in Shields
 14143 | Lair:5   | 14143 ||| Stepping ~*~*~tactically~*~*~ (stealth).
 14147 | Lair:5   | 14147 ||| Stepping ~*~*~tactically~*~*~ (stealth).
 14149 | Lair:5   | 14149 ||| Stepping ~*~*~tactically~*~*~ (stealth).
 14157 | Lair:5   | 14157 ||| INVOKING Heroism.
 14158 | Lair:5   | 14158 ||| SWAPPING to +0 morningstar.
 14159 | Lair:5   | 14159 ||| INVOKING Finesse.
 14160 | Lair:5   | 14160 ||| Stepping ~*~*~tactically~*~*~ (outnumbered).
 14161 | Lair:5   | 14161 ||| Stepping ~*~*~tactically~*~*~ (outnumbered).
 14162 | Lair:5   | 14162 ||| Stepping ~*~*~tactically~*~*~ (outnumbered).
 14179 | Lair:5   | 14179 ||| SWAPPING to +0 vampiric war axe.
 14298 | Lair:5   | 14298 ||| Stepping ~*~*~tactically~*~*~ (hiding).
 14303 | Lair:5   | 14303 ||| INVOKING Heroism.
 14308 | Lair:5   | Found a corrupted altar of Lugonu.
 14346 | Lair:5   | Found a one-way gate to the infinite horrors of the Abyss.
 14477 | Lair:5   | Received a gift from Okawaru
 14479 | Lair:5   | 14479 ||| DROPPING +0 war axe of freezing.
 14550 | Lair:5   | Found a viscous altar of Jiyva.
 14550 | Lair:5   | Found a staircase to the Slime Pits.
 14611 | Lair:5   | 14611 ||| PLANNING D:1-11
 14713 | D:10     | Entered Level 10 of the Dungeon
 14967 | D:10     | Found a shimmering altar of Xom.
 14969 | D:10     | Noticed an angel
 14973 | D:10     | Found a glowing silver altar of Zin.
 15082 | D:10     | 15082 ||| INVOKING Heroism.
 15177 | D:10     | Reached skill level 15 in Axes
 15196 | D:10     | 15196 ||| Stepping ~*~*~tactically~*~*~ (hiding).
 15201 | D:10     | 15201 ||| Stepping ~*~*~tactically~*~*~ (hiding).
 15627 | D:10     | 15627 ||| INVOKING Heroism.
 15672 | D:10     | 15672 ||| Stepping ~*~*~tactically~*~*~ (stealth).
 15892 | D:10     | 15892 ||| UPGRADING to +0 tower shield.
 15902 | D:10     | 15902 ||| DROPPING +0 kite shield.
 15949 | D:11     | 15949 ||| INVOKING Heroism.
 16144 | D:11     | 16144 ||| Stepping ~*~*~tactically~*~*~ (hiding).
 16148 | D:11     | 16148 ||| INVOKING Heroism.
 16188 | D:11     | 16188 ||| INVOKING Heroism.
 16376 | D:11     | Found a staircase to the Orcish Mines.
 16379 | D:11     | 16379 ||| Stepping ~*~*~tactically~*~*~ (hiding).
 16380 | D:11     | 16380 ||| Stepping ~*~*~tactically~*~*~ (hiding).
 16382 | D:11     | 16382 ||| Stepping ~*~*~tactically~*~*~ (hiding).
 16388 | D:11     | 16388 ||| INVOKING Heroism.
 16408 | D:11     | 16408 ||| Stepping ~*~*~tactically~*~*~ (stealth).
 16433 | D:11     | 16433 ||| Stepping ~*~*~tactically~*~*~ (stealth).
 16465 | D:11     | 16465 ||| INVOKING Heroism.
 16477 | D:11     | 16477 ||| Stepping ~*~*~tactically~*~*~ (stealth).
 16574 | D:11     | 16574 ||| FLEEEEING.
 16578 | D:11     | 16578 ||| FLEEEEING.
 16579 | D:11     | 16579 ||| FLEEEEING.
 16580 | D:11     | 16580 ||| FLEEEEING.
 16586 | D:11     | 16586 ||| FLEEEEING.
 16588 | D:11     | 16588 ||| FLEEEEING.
 16589 | D:11     | 16589 ||| FLEEEEING.
 16590 | D:11     | 16590 ||| FLEEEEING.
 16594 | D:11     | 16594 ||| FLEEEEING.
 16595 | D:11     | 16595 ||| Stepping ~*~*~tactically~*~*~ (hiding).
 16596 | D:11     | 16596 ||| FLEEEEING.
 16597 | D:11     | 16597 ||| Stepping ~*~*~tactically~*~*~ (hiding).
 16600 | D:11     | 16600 ||| INVOKING Heroism.
 16624 | D:11     | 16624 ||| Stepping ~*~*~tactically~*~*~ (stealth).
 16725 | D:11     | 16725 ||| PLANNING D
 16748 | D:12     | 16748 ||| INVOKING Heroism.
 16850 | D:12     | 16850 ||| Stepping ~*~*~tactically~*~*~ (stealth).
 16857 | D:12     | 16857 ||| Stepping ~*~*~tactically~*~*~ (stealth).
 16881 | D:12     | 16881 ||| INVOKING Heroism.
 16882 | D:12     | 16882 ||| INVOKING Finesse.
 16938 | D:12     | 16938 ||| Stepping ~*~*~tactically~*~*~ (stealth).
 17040 | D:12     | 17040 ||| INVOKING Heroism.
 17041 | D:12     | 17041 ||| INVOKING Finesse.
 17059 | D:12     | Identified the +0 robe of Privacy {rPois MP+9 Dex+3}
                  | (Okawaru gifted it to you on level 12 of the Dungeon)
 17059 | D:12     | Received a gift from Okawaru
 17126 | D:12     | 17126 ||| Stepping ~*~*~tactically~*~*~ (stealth).
 17238 | D:12     | 17238 ||| Stepping ~*~*~tactically~*~*~ (stealth).
 17353 | D:12     | Found a transporter.
 17355 | D:12     | Found a transporter.
 17361 | D:12     | Noticed Gauc's ghost (journeyman HOFi)
 17364 | D:12     | Found a bloodstained altar of Trog.
 17541 | D:12     | 17541 ||| Stepping randomly (disturbance).
 17542 | D:12     | 17542 ||| Stepping randomly (disturbance).
 17611 | D:12     | Identified the +7 broad axe "Fymoanamp" {speed, Will++
                  | Str-5 Dex+4 SInv}
 17624 | D:12     | 17624 ||| SWAPPING to +7 broad axe "Fymoanamp" {speed,
                  | Will++ Str-5 Dex+4 SInv}.
 17625 | D:12     | 17625 ||| DROPPING +0 vampiric war axe.
 17626 | D:12     | 17626 ||| DROPPING +3 broad axe of venom.
 17822 | D:13     | Reached XP level 15. HP: 95/95 MP: 20/20
 17892 | D:13     | Identified the ring of Abstinence {Ice Drain rElec Int-3
                  | Dex+7}
 17949 | D:13     | 17949 ||| INVOKING Heroism.
 17950 | D:13     | 17950 ||| READING 10 scrolls of teleportation.
 17975 | D:13     | Found a gate to the Vaults.
 18159 | D:13     | 18159 ||| Stepping ~*~*~tactically~*~*~ (stealth).
 18172 | D:13     | Found a hazy altar of Hepliaklqana.
 18174 | D:13     | 18174 ||| Stepping ~*~*~tactically~*~*~ (stealth).
 18226 | D:13     | Reached skill level 3 in Dodging
 18299 | D:13     | 18299 ||| INVOKING Heroism.
 18303 | D:13     | Reached skill level 15 in Shields
 18318 | D:13     | 18318 ||| Stepping ~*~*~tactically~*~*~ (stealth).
 18319 | D:13     | 18319 ||| Stepping ~*~*~tactically~*~*~ (stealth).
 18548 | D:13     | 18548 ||| Stepping ~*~*~tactically~*~*~ (hiding).
 18549 | D:13     | 18549 ||| Stepping ~*~*~tactically~*~*~ (hiding).
 18552 | D:13     | 18552 ||| Stepping ~*~*~tactically~*~*~ (stealth).
 18555 | D:13     | 18555 ||| INVOKING Heroism.
 18556 | D:13     | 18556 ||| SWAPPING to +0 morningstar.
 18557 | D:13     | 18557 ||| INVOKING Finesse.
 18562 | D:13     | 18562 ||| SWAPPING to +7 broad axe "Fymoanamp" {speed,
                  | Will++ Str-5 Dex+4 SInv}.
 18849 | D:13     | 18849 ||| DROPPING ring of ice.
 18850 | D:13     | 18850 ||| UPGRADING to ring of Abstinence {Ice Drain rElec
                  | Int-3 Dex+7}.
 18978 | D:14     | 18978 ||| READING scroll of enchant armour.
 18978 | D:14     | 18978 ||| ENCHANTING +1 pair of boots.
 19000 | D:14     | Noticed Louise
 19000 | D:14     | Found the +8 trishula "Condemnation" {holy, anguish, *Noise
                  | Fly rN+}
 19001 | D:14     | 19001 ||| INVOKING Heroism.
 19002 | D:14     | 19002 ||| INVOKING Finesse.
 19018 | D:14     | Killed Louise
 19018 | D:14     | Received a gift from Okawaru
 19054 | D:14     | 19054 ||| DROPPING +0 morningstar.
 19114 | D:14     | Found a frozen archway.
 19243 | D:14     | 19243 ||| Stepping ~*~*~tactically~*~*~ (hiding).
 19388 | D:14     | 19388 ||| INVOKING Heroism.
 19454 | D:14     | Noticed Kirke
 19455 | D:14     | 19455 ||| INVOKING Heroism.
 19456 | D:14     | 19456 ||| Stepping ~*~*~tactically~*~*~ (stealth).
 19457 | D:14     | 19457 ||| INVOKING Finesse.
 19458 | D:14     | Received a gift from Okawaru
 19458 | D:14     | Found the +8 mithril axe "Arga" {speed, Will+}
 19459 | D:14     | 19459 ||| Stepping ~*~*~tactically~*~*~ (stealth).
 19460 | D:14     | 19460 ||| Stepping ~*~*~tactically~*~*~ (stealth).
 19476 | D:14     | Killed Kirke
 19526 | D:14     | 19526 ||| Stepping ~*~*~tactically~*~*~ (stealth).
 19797 | D:15     | Entered Level 15 of the Dungeon
 19900 | D:15     | 19900 ||| Stepping ~*~*~tactically~*~*~ (hiding).
 20041 | D:15     | Found Taceov's Antique Weapon Shoppe.
 20189 | D:15     | 20189 ||| INVOKING Heroism.
 20204 | D:15     | Reached skill level 12 in Fighting
 20467 | D:15     | Found a staircase to the Depths.
 20468 | D:15     | 20468 ||| INVOKING Heroism.
 20763 | D:15     | 20763 ||| PLANNING ORC
 20881 | Orc:1    | Entered Level 1 of the Orcish Mines
 20882 | Orc:1    | 20882 ||| INVOKING Heroism.
 20916 | Orc:1    | 20916 ||| Stepping ~*~*~tactically~*~*~ (hiding).
 21080 | Orc:1    | 21080 ||| Stepping ~*~*~tactically~*~*~ (hiding).
 21081 | Orc:1    | 21081 ||| Stepping ~*~*~tactically~*~*~ (stealth).
 21084 | Orc:1    | 21084 ||| INVOKING Heroism.
 21096 | Orc:1    | Found a dark tunnel.
 21238 | Orc:1    | 21238 ||| Stepping ~*~*~tactically~*~*~ (stealth).
 21241 | Orc:1    | 21241 ||| Stepping ~*~*~tactically~*~*~ (hiding).
 21311 | Orc:1    | 21311 ||| INVOKING Heroism.
 21391 | Orc:1    | 21391 ||| Stepping ~*~*~tactically~*~*~ (hiding).
 21392 | Orc:1    | 21392 ||| Stepping ~*~*~tactically~*~*~ (hiding).
 21395 | Orc:1    | 21395 ||| INVOKING Heroism.
 21433 | Orc:1    | 21433 ||| Stepping ~*~*~tactically~*~*~ (stealth).
 21466 | Orc:1    | 21466 ||| Stepping ~*~*~tactically~*~*~ (hiding).
 21501 | Orc:1    | 21501 ||| Stepping ~*~*~tactically~*~*~ (stealth).
 21578 | Orc:1    | 21578 ||| UPGRADING to +2 chain mail of fire resistance.
 21597 | Orc:2    | Entered Level 2 of the Orcish Mines
 21597 | Orc:2    | Found a staircase to the Elven Halls.
 21598 | Orc:2    | 21598 ||| Stepping ~*~*~tactically~*~*~ (hiding).
 21600 | Orc:2    | 21600 ||| Stepping ~*~*~tactically~*~*~ (hiding).
 21601 | Orc:2    | 21601 ||| Stepping ~*~*~tactically~*~*~ (hiding).
 21602 | Orc:2    | 21602 ||| Stepping ~*~*~tactically~*~*~ (hiding).
 21885 | Orc:2    | 21885 ||| INVOKING Heroism.
 21888 | Orc:2    | 21888 ||| Stepping ~*~*~tactically~*~*~ (hiding).
 21889 | Orc:2    | 21889 ||| Stepping ~*~*~tactically~*~*~ (hiding).
 22017 | Orc:2    | 22017 ||| INVOKING Heroism.
 22019 | Orc:2    | 22019 ||| Stepping ~*~*~tactically~*~*~ (hiding).
 22042 | Orc:2    | Noticed Erolcha
 22049 | Orc:2    | Killed Erolcha
 22137 | Orc:2    | 22137 ||| Stepping ~*~*~tactically~*~*~ (stealth).
 22202 | Orc:2    | 22202 ||| Stepping ~*~*~tactically~*~*~ (stealth).
 22205 | Orc:2    | 22205 ||| INVOKING Heroism.
 22228 | Orc:2    | Identified the +1 scale mail "Uniclusk" {Int+5} (Okawaru
                  | gifted it to you on level 2 of the Orcish Mines)
 22228 | Orc:2    | Received a gift from Okawaru
 22232 | Orc:2    | Reached XP level 16. HP: 89/101 MP: 21/21
 22280 | Orc:2    | HP: 15/101 [orc priest/divine providence (13)]
 22281 | Orc:2    | 22281 ||| READING 13 scrolls of teleportation.
 22282 | Orc:2    | 22282 ||| DRINKING 4 potions of heal wounds.
 22286 | Orc:2    | HP: 23/101 [orc high priest/divine providence (10)]
 22287 | Orc:2    | 22287 ||| DRINKING 3 potions of heal wounds.
 22314 | Orc:2    | 22314 ||| INVOKING Heroism.
 22322 | Orc:2    | 22322 ||| INVOKING Finesse.
 22342 | Orc:2    | 22342 ||| Stepping ~*~*~tactically~*~*~ (hiding).
 22354 | Orc:2    | 22354 ||| Stepping ~*~*~tactically~*~*~ (hiding).
 22355 | Orc:2    | 22355 ||| Stepping ~*~*~tactically~*~*~ (hiding).
 22370 | Orc:2    | 22370 ||| Stepping ~*~*~tactically~*~*~ (stealth).
 22397 | Orc:2    | 22397 ||| FLEEEEING.
 22398 | Orc:2    | 22398 ||| FLEEEEING.
 22399 | Orc:2    | 22399 ||| FLEEEEING.
 22400 | Orc:2    | 22400 ||| FLEEEEING.
 22401 | Orc:2    | 22401 ||| FLEEEEING.
 22402 | Orc:2    | 22402 ||| STAIRDANCE
 22540 | Orc:2    | 22540 ||| DROPPING +5 morningstar of protection.
 22622 | Orc:2    | Found Hoheism's Antique Armour Boutique.
 22623 | Orc:2    | Found Cutephann's Antique Weapon Shop.
 22625 | Orc:2    | Found Meboloca's General Store.
 22625 | Orc:2    | Found Zisyadgh's Jewellery Boutique.
 22630 | Orc:2    | 22630 ||| BUYING glowing chain mail (195 gold).
 22630 | Orc:2    | Bought a glowing chain mail for 195 gold pieces
 22630 | Orc:2    | 22630 ||| BUYING glowing cloak (195 gold).
 22630 | Orc:2    | Bought a glowing cloak for 195 gold pieces
 22641 | Orc:2    | 22641 ||| BUYING potion of heal wounds (70 gold).
 22641 | Orc:2    | Bought a potion of heal wounds for 70 gold pieces
 22642 | Orc:2    | 22642 ||| BUYING +6 ring of strength (504 gold).
 22642 | Orc:2    | Bought a +6 ring of strength for 504 gold pieces
 22642 | Orc:2    | 22642 ||| BUYING ring "Emuy" {rPois rF+ rC+ Dex-3 SInv}
                  | (474 gold).
 22642 | Orc:2    | Bought the ring "Emuy" {rPois rF+ rC+ Dex-3 SInv} for 474
                  | gold pieces
 22642 | Orc:2    | 22642 ||| BUYING ring of protection from fire (350 gold).
 22642 | Orc:2    | Bought a ring of protection from fire for 350 gold pieces
 22672 | Orc:2    | 22672 ||| PLANNING SPIDER:1-3
 22672 | Orc:2    | 22672 ||| DROPPING +0 cloak.
 22673 | Orc:2    | 22673 ||| DROPPING ring of positive energy.
 22674 | Orc:2    | 22674 ||| UPGRADING to +6 ring of strength.
 22676 | Orc:2    | 22676 ||| UPGRADING to +0 plate armour.
 22821 | Spider:1 | Entered Level 1 of the Spider Nest
 22832 | Spider:1 | 22832 ||| INVOKING Heroism.
 23055 | Spider:1 | 23055 ||| INVOKING Finesse.
 23154 | Spider:1 | 23154 ||| INVOKING Heroism.
 23268 | Spider:1 | 23268 ||| Stepping ~*~*~tactically~*~*~ (stealth).
 23269 | Spider:1 | 23269 ||| Stepping ~*~*~tactically~*~*~ (stealth).
 23280 | Spider:1 | 23280 ||| INVOKING Heroism.
 23404 | Spider:1 | 23404 ||| INVOKING Heroism.
 23434 | Spider:1 | 23434 ||| Stepping ~*~*~tactically~*~*~ (hiding).
 23632 | Spider:1 | 23632 ||| INVOKING Heroism.
 23797 | Spider:1 | 23797 ||| Stepping ~*~*~tactically~*~*~ (stealth).
 23798 | Spider:1 | 23798 ||| Stepping ~*~*~tactically~*~*~ (stealth).
 23816 | Spider:1 | 23816 ||| DRINKING potion of cancellation.
 23855 | Spider:1 | 23855 ||| INVOKING Finesse.
 24036 | Spider:1 | 24036 ||| Stepping ~*~*~tactically~*~*~ (stealth).
 24042 | Spider:1 | 24042 ||| INVOKING Heroism.
 24196 | Spider:2 | 24196 ||| STAIRDANCE
 24198 | Spider:1 | 24198 ||| INVOKING Heroism.
 24215 | Spider:2 | 24215 ||| STAIRDANCE
 24243 | Spider:2 | 24243 ||| STAIRDANCE
 24270 | Spider:2 | 24270 ||| INVOKING Heroism.
 24274 | Spider:2 | 24274 ||| Stepping ~*~*~tactically~*~*~ (stealth).
 24290 | Spider:2 | 24290 ||| Stepping ~*~*~tactically~*~*~ (stealth).
 24378 | Spider:2 | 24378 ||| Stepping ~*~*~tactically~*~*~ (stealth).
 24379 | Spider:2 | 24379 ||| INVOKING Heroism.
 24388 | Spider:2 | 24388 ||| INVOKING Finesse.
 24457 | Spider:2 | 24457 ||| INVOKING Heroism.
 24475 | Spider:2 | 24475 ||| Stepping ~*~*~tactically~*~*~ (hiding).
 24484 | Spider:2 | 24484 ||| Stepping ~*~*~tactically~*~*~ (stealth).
 24538 | Spider:2 | 24538 ||| Stepping ~*~*~tactically~*~*~ (stealth).
 24540 | Spider:2 | 24540 ||| Stepping ~*~*~tactically~*~*~ (hiding).
 24632 | Spider:2 | Received a gift from Okawaru
 24637 | Spider:2 | 24637 ||| Stepping ~*~*~tactically~*~*~ (hiding).
 24643 | Spider:2 | 24643 ||| INVOKING Finesse.
 24660 | Spider:2 | 24660 ||| Stepping ~*~*~tactically~*~*~ (stealth).
 24721 | Spider:2 | 24721 ||| INVOKING Finesse.
 24918 | Spider:2 | 24918 ||| Stepping ~*~*~tactically~*~*~ (hiding).
 24921 | Spider:2 | 24921 ||| INVOKING Finesse.
 24925 | Spider:2 | Reached XP level 17. HP: 108/108 MP: 16/22
 25099 | Spider:2 | 25099 ||| INVOKING Heroism.
 25227 | Spider:2 | Found a runed translucent door.
 25227 | Spider:2 | Noticed Qyadack's ghost (adept HOFi)
 25438 | Spider:2 | 25438 ||| READING scroll labelled LEUKUO MEBYIX.
 25465 | Spider:3 | 25465 ||| STAIRDANCE
 25517 | Spider:3 | 25517 ||| STAIRDANCE
 25584 | Spider:3 | 25584 ||| INVOKING Finesse.
 25647 | Spider:3 | 25647 ||| Stepping ~*~*~tactically~*~*~ (hiding).
 25648 | Spider:3 | 25648 ||| Stepping ~*~*~tactically~*~*~ (hiding).
 25710 | Spider:3 | 25710 ||| Stepping ~*~*~tactically~*~*~ (stealth).
 25711 | Spider:3 | 25711 ||| Stepping ~*~*~tactically~*~*~ (stealth).
 25712 | Spider:3 | 25712 ||| Stepping ~*~*~tactically~*~*~ (hiding).
 25713 | Spider:3 | 25713 ||| Stepping ~*~*~tactically~*~*~ (hiding).
 25715 | Spider:3 | 25715 ||| INVOKING Heroism.
 25769 | Spider:3 | 25769 ||| Stepping ~*~*~tactically~*~*~ (stealth).
 25781 | Spider:3 | 25781 ||| INVOKING Heroism.
 25801 | Spider:3 | 25801 ||| Stepping ~*~*~tactically~*~*~ (stealth).
 25808 | Spider:3 | 25808 ||| Stepping ~*~*~tactically~*~*~ (stealth).
 25809 | Spider:3 | 25809 ||| Stepping ~*~*~tactically~*~*~ (stealth).
 25835 | Spider:3 | 25835 ||| INVOKING Finesse.
 25837 | Spider:3 | 25837 ||| Stepping ~*~*~tactically~*~*~ (hiding).
 25841 | Spider:3 | 25841 ||| INVOKING Heroism.
 25843 | Spider:3 | 25843 ||| Stepping ~*~*~tactically~*~*~ (hiding).
 25860 | Spider:3 | 25860 ||| Stepping ~*~*~tactically~*~*~ (stealth).
 25895 | Spider:3 | 25895 ||| Stepping ~*~*~tactically~*~*~ (stealth).
 25913 | Spider:3 | 25913 ||| Stepping ~*~*~tactically~*~*~ (stealth).
 25915 | Spider:3 | 25915 ||| Stepping ~*~*~tactically~*~*~ (hiding).
 26028 | Spider:3 | 26028 ||| INVOKING Heroism.
 26045 | Spider:3 | 26045 ||| INVOKING Finesse.
 26092 | Spider:3 | Reached skill level 18 in Axes
 26114 | Spider:3 | 26114 ||| Stepping ~*~*~tactically~*~*~ (stealth).
 26115 | Spider:3 | 26115 ||| INVOKING Heroism.
 26132 | Spider:3 | Reached skill level 3 in Throwing
 26986 | Spider:3 | 26986 ||| PLANNING SWAMP:1-3
 27151 | Swamp:1  | Entered Level 1 of the Swamp
 27175 | Swamp:1  | 27175 ||| Stepping ~*~*~tactically~*~*~ (hiding).
 27176 | Swamp:1  | 27176 ||| Stepping ~*~*~tactically~*~*~ (hiding).
 27228 | Swamp:1  | 27228 ||| Stepping ~*~*~tactically~*~*~ (hiding).
 27337 | Swamp:1  | 27337 ||| Stepping ~*~*~tactically~*~*~ (hiding).
 27338 | Swamp:1  | 27338 ||| Stepping ~*~*~tactically~*~*~ (hiding).
 27451 | Swamp:1  | 27451 ||| SWAPPING to +3 war axe of flaming.
 27458 | Swamp:1  | 27458 ||| INVOKING Heroism.
 27459 | Swamp:1  | 27459 ||| SWAPPING to +7 broad axe "Fymoanamp" {speed,
                  | Will++ Str-5 Dex+4 SInv}.
 27474 | Swamp:1  | 27474 ||| Stepping ~*~*~tactically~*~*~ (cloud).
 27547 | Swamp:1  | 27547 ||| Stepping ~*~*~tactically~*~*~ (hiding).
 27548 | Swamp:1  | 27548 ||| Stepping ~*~*~tactically~*~*~ (hiding).
 27551 | Swamp:1  | 27551 ||| Stepping ~*~*~tactically~*~*~ (hiding).
 27588 | Swamp:1  | 27588 ||| Stepping ~*~*~tactically~*~*~ (stealth).
 27594 | Swamp:1  | 27594 ||| Stepping ~*~*~tactically~*~*~ (stealth).
 27672 | Swamp:1  | 27672 ||| Stepping ~*~*~tactically~*~*~ (stealth).
 27673 | Swamp:1  | 27673 ||| Stepping ~*~*~tactically~*~*~ (stealth).
 27722 | Swamp:1  | 27722 ||| INVOKING Heroism.
 27724 | Swamp:1  | 27724 ||| SWAPPING to +3 war axe of flaming.
 27728 | Swamp:1  | 27728 ||| SWAPPING to +7 broad axe "Fymoanamp" {speed,
                  | Will++ Str-5 Dex+4 SInv}.
 27742 | Swamp:1  | 27742 ||| Stepping ~*~*~tactically~*~*~ (stealth).
 27745 | Swamp:1  | 27745 ||| Stepping ~*~*~tactically~*~*~ (hiding).
 27965 | Swamp:1  | 27965 ||| Stepping ~*~*~tactically~*~*~ (stealth).
 27966 | Swamp:1  | 27966 ||| Stepping ~*~*~tactically~*~*~ (stealth).
 27967 | Swamp:1  | 27967 ||| Stepping ~*~*~tactically~*~*~ (stealth).
 27968 | Swamp:1  | 27968 ||| Stepping ~*~*~tactically~*~*~ (stealth).
 27969 | Swamp:1  | 27969 ||| Stepping ~*~*~tactically~*~*~ (stealth).
 27970 | Swamp:1  | 27970 ||| Stepping ~*~*~tactically~*~*~ (stealth).
 27985 | Swamp:1  | You are sucked into a shaft and drop 1 floor!
 28049 | Swamp:2  | 28049 ||| UPGRADING to +4 ring of evasion.
 28051 | Swamp:2  | 28051 ||| DROPPING +6 ring of strength.
 28061 | Swamp:2  | 28061 ||| STAIRDANCE
 28384 | Swamp:2  | 28384 ||| INVOKING Heroism.
 28385 | Swamp:2  | 28385 ||| STAIRDANCE
 28387 | Swamp:1  | 28387 ||| INVOKING Finesse.
 28398 | Swamp:1  | Received a gift from Okawaru
 28432 | Swamp:2  | 28432 ||| INVOKING Heroism.
 28441 | Swamp:2  | 28441 ||| Stepping ~*~*~tactically~*~*~ (stealth).
 28463 | Swamp:2  | Reached skill level 12 in Armour
 28600 | Swamp:2  | 28600 ||| Stepping ~*~*~tactically~*~*~ (stealth).
 28605 | Swamp:2  | 28605 ||| Stepping ~*~*~tactically~*~*~ (cloud).
 28645 | Swamp:2  | 28645 ||| Stepping ~*~*~tactically~*~*~ (stealth).
 28648 | Swamp:2  | 28648 ||| Stepping ~*~*~tactically~*~*~ (stealth).
 28697 | Swamp:2  | 28697 ||| INVOKING Heroism.
 28736 | Swamp:2  | 28736 ||| Stepping ~*~*~tactically~*~*~ (stealth).
 28738 | Swamp:2  | 28738 ||| Stepping ~*~*~tactically~*~*~ (stealth).
 28739 | Swamp:2  | 28739 ||| INVOKING Heroism.
 28741 | Swamp:2  | 28741 ||| SWAPPING to +3 war axe of flaming.
 28742 | Swamp:2  | 28742 ||| SWAPPING to +7 broad axe "Fymoanamp" {speed,
                  | Will++ Str-5 Dex+4 SInv}.
 28744 | Swamp:2  | 28744 ||| SWAPPING to +3 war axe of flaming.
 28750 | Swamp:2  | 28750 ||| SWAPPING to +7 broad axe "Fymoanamp" {speed,
                  | Will++ Str-5 Dex+4 SInv}.
 28762 | Swamp:2  | 28762 ||| Stepping ~*~*~tactically~*~*~ (hiding).
 28838 | Swamp:2  | 28838 ||| Stepping ~*~*~tactically~*~*~ (stealth).
 28977 | Swamp:2  | 28977 ||| Stepping ~*~*~tactically~*~*~ (stealth).
 28981 | Swamp:2  | 28981 ||| INVOKING Heroism.
 29034 | Swamp:2  | 29034 ||| READING 2 scrolls labelled ORUCOADW WIOW.
 29034 | Swamp:2  | Identified 2 scrolls of acquirement
 29034 | Swamp:2  | 29034 ||| ACQUIRING +15 Maxwell's patent armour {-Cast
                  | -Tele rElec Will+ rCorr}
 29034 | Swamp:2  | Acquired the +15 Maxwell's patent armour {-Cast -Tele rElec
                  | Will+ rCorr}
 29034 | Swamp:2  | Found the +15 Maxwell's patent armour {-Cast -Tele rElec
                  | Will+ rCorr}
 29036 | Swamp:2  | 29036 ||| INVOKING Heroism.
 29052 | Swamp:2  | 29052 ||| Stepping ~*~*~tactically~*~*~ (cloud).
 29128 | Swamp:2  | 29128 ||| READING scroll of acquirement.
 29128 | Swamp:2  | 29128 ||| ACQUIRING 933 gold pieces
 29128 | Swamp:2  | Acquired 933 gold pieces
 29135 | Swamp:2  | 29135 ||| Stepping ~*~*~tactically~*~*~ (stealth).
 29136 | Swamp:2  | 29136 ||| Stepping ~*~*~tactically~*~*~ (stealth).
 29139 | Swamp:2  | 29139 ||| INVOKING Heroism.
 29382 | Swamp:3  | 29382 ||| INVOKING Heroism.
 29471 | Swamp:3  | 29471 ||| Stepping ~*~*~tactically~*~*~ (hiding).
 29473 | Swamp:3  | 29473 ||| INVOKING Heroism.
 29481 | Swamp:3  | Received a gift from Okawaru
 29553 | Swamp:3  | 29553 ||| INVOKING Heroism.
 29591 | Swamp:3  | 29591 ||| Stepping ~*~*~tactically~*~*~ (hiding).
 29592 | Swamp:3  | 29592 ||| Stepping ~*~*~tactically~*~*~ (hiding).
 29593 | Swamp:3  | 29593 ||| Stepping ~*~*~tactically~*~*~ (hiding).
 29594 | Swamp:3  | 29594 ||| Stepping ~*~*~tactically~*~*~ (hiding).
 29627 | Swamp:3  | 29627 ||| FLEEEEING.
 29641 | Swamp:3  | 29641 ||| Stepping ~*~*~tactically~*~*~ (stealth).
 29645 | Swamp:3  | 29645 ||| INVOKING Heroism.
 29666 | Swamp:3  | 29666 ||| Stepping ~*~*~tactically~*~*~ (hiding).
 29667 | Swamp:3  | 29667 ||| Stepping ~*~*~tactically~*~*~ (hiding).
 29888 | Swamp:3  | 29888 ||| INVOKING Heroism.
 29904 | Swamp:3  | 29904 ||| SWAPPING to +3 war axe of flaming.
 29908 | Swamp:3  | 29908 ||| SWAPPING to +7 broad axe "Fymoanamp" {speed,
                  | Will++ Str-5 Dex+4 SInv}.
 29917 | Swamp:3  | 29917 ||| Stepping ~*~*~tactically~*~*~ (stealth).
 30056 | Swamp:3  | 30056 ||| Stepping ~*~*~tactically~*~*~ (hiding).
 30064 | Swamp:3  | Received a gift from Okawaru
 30087 | Swamp:3  | Reached XP level 18. HP: 112/116 MP: 23/23
 30097 | Swamp:3  | 30097 ||| DROPPING +3 war axe of flaming.
 30110 | Swamp:3  | Identified the +8 sling of the End of Times {flame, Int+4}
 30168 | Swamp:3  | 30168 ||| Stepping ~*~*~tactically~*~*~ (hiding).
 30170 | Swamp:3  | 30170 ||| INVOKING Heroism.
 30341 | Swamp:3  | 30341 ||| PLANNING SPIDER:4
 30341 | Swamp:3  | 30341 ||| DROPPING +0 chain mail of cold resistance.
 30342 | Swamp:3  | 30342 ||| DROPPING +2 chain mail of fire resistance.
 30343 | Swamp:3  | 30343 ||| UPGRADING to +1 crystal plate armour.
 30353 | Swamp:3  | 30353 ||| DROPPING +0 plate armour.
 30354 | Swamp:3  | 30354 ||| READING 18 scrolls of identify.
 30354 | Swamp:3  | 30354 ||| IDENTIFYING bubbling golden potion
 30355 | Swamp:3  | 30355 ||| DROPPING potion of invisibility.
 30536 | Spider:4 | Entered Level 4 of the Spider Nest
 30567 | Spider:4 | 30567 ||| Stepping ~*~*~tactically~*~*~ (stealth).
 30572 | Spider:4 | 30572 ||| Stepping ~*~*~tactically~*~*~ (stealth).
 30577 | Spider:4 | 30577 ||| Stepping ~*~*~tactically~*~*~ (stealth).
 30579 | Spider:4 | 30579 ||| Stepping ~*~*~tactically~*~*~ (stealth).
 30584 | Spider:4 | 30584 ||| INVOKING Finesse.
 30791 | Spider:4 | 30791 ||| Stepping ~*~*~tactically~*~*~ (stealth).
 30813 | Spider:4 | 30813 ||| Stepping ~*~*~tactically~*~*~ (hiding).
 30817 | Spider:4 | 30817 ||| INVOKING Heroism.
 30858 | Spider:4 | Noticed Arachne
 30859 | Spider:4 | 30859 ||| INVOKING Finesse.
 30883 | Spider:4 | Killed Arachne
 30954 | Spider:4 | 30954 ||| Stepping ~*~*~tactically~*~*~ (stealth).
 30956 | Spider:4 | 30956 ||| Stepping ~*~*~tactically~*~*~ (stealth).
 30957 | Spider:4 | 30957 ||| INVOKING Heroism.
 30981 | Spider:4 | 30981 ||| Stepping ~*~*~tactically~*~*~ (hiding).
 30983 | Spider:4 | 30983 ||| Stepping ~*~*~tactically~*~*~ (hiding).
 30998 | Spider:4 | 30998 ||| Stepping ~*~*~tactically~*~*~ (stealth).
 31010 | Spider:4 | 31010 ||| Stepping ~*~*~tactically~*~*~ (stealth).
 31011 | Spider:4 | 31011 ||| Stepping ~*~*~tactically~*~*~ (stealth).
 31012 | Spider:4 | 31012 ||| FLEEEEING.
 31025 | Spider:4 | 31025 ||| FLEEEEING.
 31026 | Spider:4 | 31026 ||| FLEEEEING.
 31027 | Spider:4 | 31027 ||| FLEEEEING.
 31109 | Spider:4 | 31109 ||| FLEEEEING.
 31180 | Spider:4 | 31180 ||| FLEEEEING.
 31181 | Spider:4 | 31181 ||| FLEEEEING.
 31182 | Spider:4 | 31182 ||| FLEEEEING.
 31183 | Spider:4 | 31183 ||| FLEEEEING.
 31184 | Spider:4 | 31184 ||| FLEEEEING.
 31185 | Spider:4 | 31185 ||| FLEEEEING.
 31186 | Spider:4 | 31186 ||| FLEEEEING.
 31187 | Spider:4 | 31187 ||| FLEEEEING.
 31188 | Spider:4 | 31188 ||| FLEEEEING.
 31189 | Spider:4 | 31189 ||| FLEEEEING.
 31190 | Spider:4 | 31190 ||| FLEEEEING.
 31191 | Spider:4 | 31191 ||| FLEEEEING.
 31192 | Spider:4 | 31192 ||| FLEEEEING.
 31193 | Spider:4 | 31193 ||| FLEEEEING.
 31240 | Spider:4 | 31240 ||| READING scroll of enchant armour.
 31240 | Spider:4 | 31240 ||| ENCHANTING +1 crystal plate armour.
 31314 | Spider:4 | 31314 ||| Stepping ~*~*~tactically~*~*~ (stealth).
 31347 | Spider:4 | 31347 ||| Stepping ~*~*~tactically~*~*~ (hiding).
 31354 | Spider:4 | 31354 ||| INVOKING Finesse.
 31417 | Spider:4 | 31417 ||| Stepping ~*~*~tactically~*~*~ (hiding).
 31418 | Spider:4 | 31418 ||| Stepping ~*~*~tactically~*~*~ (hiding).
 31430 | Spider:4 | 31430 ||| INVOKING Finesse.
 31675 | Spider:4 | Received a gift from Okawaru
 31814 | Spider:4 | Got a gossamer rune of Zot
 31883 | Spider:4 | 31883 ||| Stepping ~*~*~tactically~*~*~ (stealth).
 31884 | Spider:4 | 31884 ||| Stepping ~*~*~tactically~*~*~ (stealth).
 31963 | Spider:4 | 31963 ||| Stepping ~*~*~tactically~*~*~ (stealth).
 31987 | Spider:4 | 31987 ||| Stepping ~*~*~tactically~*~*~ (stealth).
 32046 | Spider:4 | 32046 ||| FLEEEEING.
 32049 | Spider:4 | 32049 ||| Stepping ~*~*~tactically~*~*~ (stealth).
 32051 | Spider:4 | 32051 ||| Stepping ~*~*~tactically~*~*~ (stealth).
 32058 | Spider:4 | Reached skill level 15 in Armour
 32091 | Spider:4 | 32091 ||| FLEEEEING.
 32092 | Spider:4 | 32092 ||| FLEEEEING.
 32093 | Spider:4 | 32093 ||| FLEEEEING.
 32094 | Spider:4 | 32094 ||| FLEEEEING.
 32154 | Spider:4 | 32154 ||| Stepping ~*~*~tactically~*~*~ (stealth).
 32192 | Spider:4 | 32192 ||| INVOKING Heroism.
 32231 | Spider:4 | 32231 ||| Stepping ~*~*~tactically~*~*~ (stealth).
 32263 | Spider:4 | 32263 ||| INVOKING Finesse.
 32309 | Spider:4 | 32309 ||| Stepping ~*~*~tactically~*~*~ (stealth).
 32311 | Spider:4 | 32311 ||| INVOKING Finesse.
 32560 | Spider:4 | 32560 ||| INVOKING Heroism.
 32675 | Spider:4 | 32675 ||| PLANNING VAULTS:1-4
 32878 | Vaults:1 | Entered Level 1 of the Vaults
 32879 | Vaults:1 | 32879 ||| INVOKING Heroism.
 32884 | Vaults:1 | Reached skill level 6 in Throwing
 32887 | Vaults:1 | Received a gift from Okawaru
 32917 | Vaults:1 | 32917 ||| Stepping ~*~*~tactically~*~*~ (hiding).
 32941 | Vaults:1 | 32941 ||| INVOKING Heroism.
 32990 | Vaults:1 | Found a portal to a secret trove of treasure.
 33148 | Vaults:1 | Found Tosheh's Book Boutique.
 33217 | Vaults:1 | 33217 ||| Stepping ~*~*~tactically~*~*~ (hiding).
 33219 | Vaults:1 | 33219 ||| Stepping ~*~*~tactically~*~*~ (hiding).
 33240 | Vaults:1 | 33240 ||| Stepping ~*~*~tactically~*~*~ (stealth).
 33266 | Vaults:1 | 33266 ||| Stepping ~*~*~tactically~*~*~ (stealth).
 33311 | Vaults:1 | Reached skill level 18 in Shields
 33563 | Vaults:1 | 33563 ||| READING scroll of acquirement.
 33563 | Vaults:1 | 33563 ||| ACQUIRING 969 gold pieces
 33563 | Vaults:1 | Acquired 969 gold pieces
 33568 | Vaults:1 | 33568 ||| Stepping ~*~*~tactically~*~*~ (hiding).
 33573 | Vaults:1 | Identified the +9 sling "Warudw Mera" {venom, Will+ rCorr
                  | Dex+2} (Okawaru gifted it to you on level 1 of the Vaults)
 33573 | Vaults:1 | Received a gift from Okawaru
 33680 | Vaults:1 | 33680 ||| INVOKING Heroism.
 33681 | Vaults:1 | 33681 ||| INVOKING Finesse.
 33763 | Vaults:1 | 33763 ||| INVOKING Heroism.
 33764 | Vaults:1 | 33764 ||| Stepping ~*~*~tactically~*~*~ (stealth).
 33786 | Vaults:1 | Reached XP level 19. HP: 109/122 MP: 23/23
 33852 | Vaults:1 | 33852 ||| Stepping ~*~*~tactically~*~*~ (stealth).
 33855 | Vaults:1 | 33855 ||| Stepping ~*~*~tactically~*~*~ (stealth).
 33856 | Vaults:1 | 33856 ||| INVOKING Heroism.
 33878 | Vaults:1 | Reached skill level 15 in Fighting
 33998 | Vaults:1 | 33998 ||| INVOKING Heroism.
 33999 | Vaults:1 | 33999 ||| INVOKING Finesse.
 34271 | Vaults:1 | 34271 ||| Stepping ~*~*~tactically~*~*~ (hiding).
 34502 | Vaults:2 | 34502 ||| STAIRDANCE
 34609 | Vaults:2 | 34609 ||| Stepping ~*~*~tactically~*~*~ (hiding).
 34611 | Vaults:2 | 34611 ||| INVOKING Heroism.
 34663 | Vaults:2 | 34663 ||| INVOKING Heroism.
 34706 | Vaults:2 | Received a gift from Okawaru
 34712 | Vaults:2 | 34712 ||| Stepping ~*~*~tactically~*~*~ (stealth).
 34824 | Vaults:2 | 34824 ||| INVOKING Heroism.
 34872 | Vaults:2 | 34872 ||| Stepping ~*~*~tactically~*~*~ (stealth).
 34889 | Vaults:2 | Received a gift from Okawaru
 34937 | Vaults:2 | 34937 ||| Stepping ~*~*~tactically~*~*~ (stealth).
 34939 | Vaults:2 | 34939 ||| Stepping ~*~*~tactically~*~*~ (stealth).
 34953 | Vaults:2 | 34953 ||| INVOKING Heroism.
 35007 | Vaults:2 | 35007 ||| Stepping ~*~*~tactically~*~*~ (stealth).
 35009 | Vaults:2 | 35009 ||| Stepping ~*~*~tactically~*~*~ (stealth).
 35046 | Vaults:2 | 35046 ||| Stepping ~*~*~tactically~*~*~ (stealth).
 35048 | Vaults:2 | 35048 ||| Stepping ~*~*~tactically~*~*~ (stealth).
 35093 | Vaults:2 | 35093 ||| INVOKING Heroism.
 35100 | Vaults:2 | 35100 ||| INVOKING Finesse.
 35151 | Vaults:2 | Identified the +2 pair of boots "Lunk" {rN++ MP+9 Str+2
                  | Dex-2}
 35290 | Vaults:2 | Found a staircase to the Crypt.
 35290 | Vaults:2 | Found an ancient bone altar of Kikubaaqudgha.
 35291 | Vaults:2 | Found a basalt altar of Yredelemnul.
 35347 | Vaults:2 | Found a transporter.
 35350 | Vaults:2 | Noticed Nornya's ghost (veteran MfSu)
 35359 | Vaults:2 | Found a transporter.
 35388 | Vaults:2 | Found Vuzod's Distillery.
 35391 | Vaults:2 | 35391 ||| DROPPING +2 pair of boots of stealth.
 35392 | Vaults:2 | 35392 ||| UPGRADING to +2 pair of boots "Lunk" {rN++ MP+9
                  | Str+2 Dex-2}.
 35397 | Vaults:2 | 35397 ||| INVOKING Heroism.
 35398 | Vaults:2 | 35398 ||| INVOKING Finesse.
 35410 | Vaults:2 | Reached skill level 9 in Throwing
 35414 | Vaults:2 | 35414 ||| UPGRADING to +2 pair of boots.
 35422 | Vaults:2 | 35422 ||| UPGRADING to +2 pair of boots "Lunk" {rN++ MP+9
                  | Str+2 Dex-2}.
 35432 | Vaults:2 | 35432 ||| DROPPING +2 pair of boots.
 35491 | Vaults:2 | 35491 ||| BUYING 2 potions of lignification (90 gold).
 35491 | Vaults:2 | Bought 2 potions of lignification for 90 gold pieces
 35491 | Vaults:2 | 35491 ||| BUYING potion of attraction (45 gold).
 35491 | Vaults:2 | Bought a potion of attraction for 45 gold pieces
 35491 | Vaults:2 | 35491 ||| BUYING potion of attraction (45 gold).
 35491 | Vaults:2 | Bought a potion of attraction for 45 gold pieces
 35491 | Vaults:2 | 35491 ||| BUYING potion of curing (45 gold).
 35491 | Vaults:2 | Bought a potion of curing for 45 gold pieces
 35491 | Vaults:2 | 35491 ||| BUYING potion of lignification (45 gold).
 35491 | Vaults:2 | Bought a potion of lignification for 45 gold pieces
 35491 | Vaults:2 | 35491 ||| BUYING potion of mutation (120 gold).
 35491 | Vaults:2 | Bought a potion of mutation for 120 gold pieces
 35526 | Vaults:2 | 35526 ||| Stepping ~*~*~tactically~*~*~ (stealth).
 35528 | Vaults:2 | 35528 ||| Stepping ~*~*~tactically~*~*~ (hiding).
 35701 | Vaults:2 | 35701 ||| Stepping ~*~*~tactically~*~*~ (hiding).
 35710 | Vaults:2 | 35710 ||| INVOKING Heroism.
 35711 | Vaults:2 | 35711 ||| Stepping ~*~*~tactically~*~*~ (stealth).
 35715 | Vaults:2 | 35715 ||| INVOKING Finesse.
 35789 | Vaults:2 | 35789 ||| Stepping ~*~*~tactically~*~*~ (hiding).
 35790 | Vaults:2 | 35790 ||| INVOKING Finesse.
 35791 | Vaults:2 | 35791 ||| INVOKING Heroism.
 35813 | Vaults:2 | 35813 ||| Stepping ~*~*~tactically~*~*~ (hiding).
 35819 | Vaults:2 | 35819 ||| Stepping ~*~*~tactically~*~*~ (hiding).
 36040 | Vaults:2 | 36040 ||| Stepping ~*~*~tactically~*~*~ (hiding).
 36043 | Vaults:2 | 36043 ||| INVOKING Heroism.
 36122 | Vaults:3 | 36122 ||| INVOKING Heroism.
 36135 | Vaults:3 | Reached XP level 20. HP: 129/129 MP: 24/24
 36177 | Vaults:3 | 36177 ||| Stepping ~*~*~tactically~*~*~ (hiding).
 36178 | Vaults:3 | 36178 ||| Stepping ~*~*~tactically~*~*~ (hiding).
 36187 | Vaults:3 | Reached skill level 18 in Armour
 36303 | Vaults:3 | 36303 ||| INVOKING Finesse.
 36388 | Vaults:3 | 36388 ||| Stepping ~*~*~tactically~*~*~ (stealth).
 36389 | Vaults:3 | 36389 ||| Stepping ~*~*~tactically~*~*~ (stealth).
 36390 | Vaults:3 | 36390 ||| INVOKING Heroism.
 36406 | Vaults:3 | Received a gift from Okawaru
 36421 | Vaults:3 | 36421 ||| FLEEEEING.
 36428 | Vaults:3 | 36428 ||| STAIRDANCE
 36602 | Vaults:2 | 36602 ||| DROPPING ring of wizardry.
 36605 | Vaults:3 | 36605 ||| Stepping ~*~*~tactically~*~*~ (hiding).
 36606 | Vaults:3 | 36606 ||| Stepping ~*~*~tactically~*~*~ (hiding).
 36609 | Vaults:3 | 36609 ||| INVOKING Heroism.
 36656 | Vaults:3 | Received a gift from Okawaru
 36786 | Vaults:3 | 36786 ||| INVOKING Heroism.
 36917 | Vaults:3 | Received a gift from Okawaru
 36918 | Vaults:3 | 36918 ||| FLEEEEING.
 36919 | Vaults:3 | 36919 ||| FLEEEEING.
 36922 | Vaults:3 | 36922 ||| FLEEEEING.
 36926 | Vaults:3 | 36926 ||| FLEEEEING.
 36931 | Vaults:3 | 36931 ||| FLEEEEING.
 36932 | Vaults:3 | 36932 ||| FLEEEEING.
 36933 | Vaults:3 | 36933 ||| FLEEEEING.
 36934 | Vaults:3 | 36934 ||| FLEEEEING.
 36935 | Vaults:3 | 36935 ||| FLEEEEING.
 36936 | Vaults:3 | 36936 ||| FLEEEEING.
 36937 | Vaults:3 | 36937 ||| FLEEEEING.
 36938 | Vaults:3 | 36938 ||| FLEEEEING.
 36939 | Vaults:3 | 36939 ||| FLEEEEING.
 36940 | Vaults:3 | 36940 ||| FLEEEEING.
 36941 | Vaults:3 | 36941 ||| FLEEEEING.
 36942 | Vaults:3 | 36942 ||| FLEEEEING.
 36943 | Vaults:3 | 36943 ||| FLEEEEING.
 36944 | Vaults:3 | 36944 ||| FLEEEEING.
 36945 | Vaults:3 | 36945 ||| FLEEEEING.
 36946 | Vaults:3 | 36946 ||| FLEEEEING.
 36947 | Vaults:3 | 36947 ||| FLEEEEING.
 36948 | Vaults:3 | 36948 ||| FLEEEEING.
 36949 | Vaults:3 | 36949 ||| FLEEEEING.
 36950 | Vaults:3 | 36950 ||| FLEEEEING.
 36951 | Vaults:3 | 36951 ||| FLEEEEING.
 36952 | Vaults:3 | 36952 ||| FLEEEEING.
 36953 | Vaults:3 | 36953 ||| FLEEEEING.
 36954 | Vaults:3 | 36954 ||| FLEEEEING.
 36955 | Vaults:3 | 36955 ||| FLEEEEING.
 37087 | Vaults:3 | 37087 ||| Stepping randomly (stuck).
 37345 | Vaults:3 | 37345 ||| Stepping ~*~*~tactically~*~*~ (stealth).
 37346 | Vaults:3 | 37346 ||| Stepping ~*~*~tactically~*~*~ (stealth).
 37438 | Vaults:3 | 37438 ||| INVOKING Heroism.
 37446 | Vaults:3 | Received a gift from Okawaru
 37461 | Vaults:3 | Identified the +5 scale mail "Gupsif" {rPois rC++ Dex+8
                  | Stlth-}
 37490 | Vaults:3 | 37490 ||| INVOKING Heroism.
 37564 | Vaults:3 | 37564 ||| Stepping ~*~*~tactically~*~*~ (stealth).
 37567 | Vaults:3 | 37567 ||| INVOKING Heroism.
 37598 | Vaults:3 | Received a gift from Okawaru
 37629 | Vaults:3 | 37629 ||| Stepping ~*~*~tactically~*~*~ (hiding).
 37638 | Vaults:3 | 37638 ||| INVOKING Heroism.
 37673 | Vaults:3 | 37673 ||| Stepping ~*~*~tactically~*~*~ (hiding).
 37675 | Vaults:3 | 37675 ||| Stepping ~*~*~tactically~*~*~ (hiding).
 37704 | Vaults:3 | Identified the +0 plate armour of the Quahog {Harm Str+6
                  | Dex+4}
 37724 | Vaults:3 | 37724 ||| Stepping ~*~*~tactically~*~*~ (hiding).
 37730 | Vaults:3 | 37730 ||| Stepping ~*~*~tactically~*~*~ (hiding).
 37732 | Vaults:3 | 37732 ||| Stepping ~*~*~tactically~*~*~ (hiding).
 37957 | Vaults:3 | 37957 ||| INVOKING Heroism.
 37969 | Vaults:3 | Received a gift from Okawaru
 38194 | Vaults:4 | Noticed Jory
 38195 | Vaults:4 | 38195 ||| Stepping ~*~*~tactically~*~*~ (hiding).
 38208 | Vaults:4 | 38208 ||| INVOKING Heroism.
 38214 | Vaults:4 | Killed Jory
 38382 | Vaults:4 | 38382 ||| INVOKING Heroism.
 38505 | Vaults:4 | 38505 ||| Stepping ~*~*~tactically~*~*~ (hiding).
 38585 | Vaults:4 | 38585 ||| INVOKING Heroism.
 38877 | Vaults:4 | 38877 ||| INVOKING Heroism.
 38955 | Vaults:4 | 38955 ||| INVOKING Heroism.
 38976 | Vaults:4 | Identified the +8 war axe "Ruwoduotie" {freeze, +Blink
                  | rElec Str-3 Stlth+} (Okawaru gifted it to you on level 4 of
                  | the Vaults)
 38976 | Vaults:4 | Received a gift from Okawaru
 39082 | Vaults:4 | 39082 ||| Stepping ~*~*~tactically~*~*~ (hiding).
 39088 | Vaults:4 | 39088 ||| INVOKING Heroism.
 39115 | Vaults:4 | Identified the +7 arbalest of Jedwumnu {freeze, Drain rPois
                  | Will+}
 39236 | Vaults:4 | 39236 ||| Stepping ~*~*~tactically~*~*~ (stealth).
 39238 | Vaults:4 | 39238 ||| Stepping ~*~*~tactically~*~*~ (stealth).
 39337 | Vaults:4 | 39337 ||| INVOKING Heroism.
 39349 | Vaults:4 | 39349 ||| Stepping ~*~*~tactically~*~*~ (hiding).
 39544 | Vaults:4 | 39544 ||| READING scroll of enchant armour.
 39544 | Vaults:4 | 39544 ||| ENCHANTING +2 crystal plate armour.
 39592 | Vaults:4 | 39592 ||| Stepping ~*~*~tactically~*~*~ (stealth).
 39600 | Vaults:4 | 39600 ||| INVOKING Heroism.
 39607 | Vaults:4 | Reached XP level 21. HP: 139/139 MP: 25/25
 39896 | Vaults:4 | 39896 ||| PLANNING SWAMP:4
 39896 | Vaults:4 | 39896 ||| DROPPING +2 cloak.
 40228 | Swamp:4  | Entered Level 4 of the Swamp
 40229 | Swamp:4  | 40229 ||| INVOKING Heroism.
 40230 | Swamp:4  | 40230 ||| STAIRDANCE
 40244 | Swamp:4  | 40244 ||| STAIRDANCE
 40328 | Swamp:4  | 40328 ||| Stepping ~*~*~tactically~*~*~ (stealth).
 40330 | Swamp:4  | 40330 ||| Stepping ~*~*~tactically~*~*~ (stealth).
 40332 | Swamp:4  | 40332 ||| INVOKING Heroism.
 40354 | Swamp:4  | Identified the -1 pair of boots of Gecom {Int+3 Dex+5}
                  | (Okawaru gifted it to you on level 4 of the Swamp)
 40354 | Swamp:4  | Received a gift from Okawaru
 40356 | Swamp:4  | 40356 ||| Stepping ~*~*~tactically~*~*~ (hiding).
 40389 | Swamp:4  | 40389 ||| Stepping ~*~*~tactically~*~*~ (hiding).
 40428 | Swamp:4  | Reached skill level 18 in Fighting
 40433 | Swamp:4  | 40433 ||| INVOKING Heroism.
 40571 | Swamp:4  | 40571 ||| Stepping ~*~*~tactically~*~*~ (stealth).
 40634 | Swamp:4  | 40634 ||| Stepping ~*~*~tactically~*~*~ (stealth).
 40668 | Swamp:4  | Found a basalt altar of Yredelemnul.
 40801 | Swamp:4  | 40801 ||| INVOKING Heroism.
 40802 | Swamp:4  | 40802 ||| INVOKING Finesse.
 40803 | Swamp:4  | Found a blossoming altar of Fedhas.
 41064 | Swamp:4  | 41064 ||| INVOKING Heroism.
 41065 | Swamp:4  | 41065 ||| INVOKING Finesse.
 41100 | Swamp:4  | Got a decaying rune of Zot
 41119 | Swamp:4  | 41119 ||| Stepping ~*~*~tactically~*~*~ (hiding).
 41120 | Swamp:4  | 41120 ||| Stepping ~*~*~tactically~*~*~ (hiding).
 41261 | Swamp:4  | 41261 ||| Stepping ~*~*~tactically~*~*~ (hiding).
 41275 | Swamp:4  | 41275 ||| INVOKING Heroism.
 41449 | Swamp:4  | 41449 ||| PLANNING DEPTHS
 41449 | Swamp:4  | 41449 ||| DROPPING -1 pair of boots of Gecom {Int+3 Dex+5}.
 41655 | Depths:1 | Entered Level 1 of the Depths
 41655 | Depths:1 | Found Gyotuo's Assorted Antiques.
 41692 | Depths:1 | 41692 ||| BUYING knobbly golden ring (160 gold).
 41692 | Depths:1 | Bought a knobbly golden ring for 160 gold pieces
 41692 | Depths:1 | 41692 ||| BUYING potion of haste (320 gold).
 41692 | Depths:1 | Bought a potion of haste for 320 gold pieces
 41692 | Depths:1 | 41692 ||| BUYING potion of haste (320 gold).
 41692 | Depths:1 | Bought a potion of haste for 320 gold pieces
 41692 | Depths:1 | 41692 ||| BUYING scroll of teleportation (96 gold).
 41692 | Depths:1 | Bought a scroll of teleportation for 96 gold pieces
 41692 | Depths:1 | 41692 ||| BUYING scroll of teleportation (96 gold).
 41692 | Depths:1 | Bought a scroll of teleportation for 96 gold pieces
 41704 | Depths:1 | Found a burning altar of Makhleb.
 41705 | Depths:1 | 41705 ||| Stepping ~*~*~tactically~*~*~ (hiding).
 41717 | Depths:1 | 41717 ||| INVOKING Heroism.
 41902 | Depths:1 | 41902 ||| INVOKING Heroism.
 41968 | Depths:1 | 41968 ||| Stepping ~*~*~tactically~*~*~ (hiding).
 41971 | Depths:1 | 41971 ||| Stepping ~*~*~tactically~*~*~ (hiding).
 42021 | Depths:1 | 42021 ||| Stepping ~*~*~tactically~*~*~ (stealth).
 42046 | Depths:1 | Found Oraucke's CLEARANCE SALE!.
 42056 | Depths:1 | 42056 ||| BUYING potion of curing (15 gold).
 42056 | Depths:1 | Bought a potion of curing for 15 gold pieces
 42074 | Depths:1 | 42074 ||| INVOKING Heroism.
 42228 | Depths:1 | 42228 ||| INVOKING Heroism.
 42229 | Depths:1 | 42229 ||| INVOKING Finesse.
 42292 | Depths:1 | Found an ornate altar of the Wu Jian Council.
 42377 | Depths:1 | 42377 ||| Stepping ~*~*~tactically~*~*~ (hiding).
 42381 | Depths:1 | 42381 ||| INVOKING Heroism.
 42520 | Depths:1 | Found a gateway to Hell.
 42521 | Depths:1 | Found a one-way gate leading to the halls of Pandemonium.
 42742 | Depths:1 | 42742 ||| INVOKING Heroism.
 42796 | Depths:1 | 42796 ||| DROPPING +6 ring of dexterity.
 42820 | Depths:2 | 42820 ||| INVOKING Heroism.
 42829 | Depths:2 | 42829 ||| INVOKING Finesse.
 42837 | Depths:2 | Received a gift from Okawaru
 42839 | Depths:2 | Found an ancient bone altar of Kikubaaqudgha.
 42948 | Depths:2 | 42948 ||| INVOKING Heroism.
 42971 | Depths:2 | HP: 31/142 [daeva/divine providence (12)]
 42972 | Depths:2 | 42972 ||| READING 20 scrolls of teleportation.
 42973 | Depths:2 | 42973 ||| DRINKING 7 potions of heal wounds.
 42975 | Depths:2 | HP: 10/142 [daeva/+5 scimitar of holy wrath (36)]
 42976 | Depths:2 | 42976 ||| DRINKING 6 potions of heal wounds.
 42977 | Depths:2 | 42977 ||| DRINKING 5 potions of heal wounds.
 43001 | Depths:2 | HP: 34/143 [hell knight/+2 halberd (8)]
 43002 | Depths:2 | 43002 ||| READING 19 scrolls of teleportation.
 43002 | Depths:2 | HP: 11/143 [hell knight/+1 glaive of flaming (12)]
 43003 | Depths:2 | 43003 ||| DRINKING 4 potions of heal wounds.
 43004 | Depths:2 | 43004 ||| DRINKING 3 potions of heal wounds.
 43005 | Depths:2 | 43005 ||| DRINKING 2 potions of heal wounds.
 43007 | Depths:2 | Noticed a golden dragon
 43008 | Depths:2 | 43008 ||| INVOKING Finesse.
 43010 | Depths:2 | 43010 ||| INVOKING Heroism.
 43013 | Depths:2 | HP: 32/143 [golden dragon (8)]
 43014 | Depths:2 | 43014 ||| READING 18 scrolls of teleportation.
 43015 | Depths:2 | 43015 ||| DRINKING potion of heal wounds.
 43020 | Depths:2 | Killed a golden dragon
 43024 | Depths:2 | HP: 34/143 [fire giant/bolt of fire (8)]
 43025 | Depths:2 | 43025 ||| READING 17 scrolls of teleportation.
 43088 | Depths:2 | 43088 ||| INVOKING Heroism.
 43100 | Depths:2 | Received a gift from Okawaru
 43330 | Depths:2 | 43330 ||| INVOKING Heroism.
 43331 | Depths:2 | 43331 ||| INVOKING Finesse.
 43350 | Depths:2 | 43350 ||| Stepping ~*~*~tactically~*~*~ (stealth).
 43402 | Depths:2 | 43402 ||| INVOKING Heroism.
 43411 | Depths:2 | 43411 ||| INVOKING Finesse.
 43506 | Depths:2 | 43506 ||| Stepping ~*~*~tactically~*~*~ (stealth).
 43510 | Depths:2 | 43510 ||| INVOKING Heroism.
 43529 | Depths:2 | Received a gift from Okawaru
 43533 | Depths:2 | Reached XP level 22. HP: 110/149 MP: 26/26
 43905 | Depths:2 | 43905 ||| Stepping ~*~*~tactically~*~*~ (stealth).
 43918 | Depths:2 | Received a gift from Okawaru
 43942 | Depths:2 | 43942 ||| INVOKING Heroism.
 43958 | Depths:2 | Reached skill level 21 in Armour
 44231 | Depths:2 | 44231 ||| INVOKING Heroism.
 44331 | Depths:2 | 44331 ||| FLEEEEING.
 44332 | Depths:2 | 44332 ||| FLEEEEING.
 44333 | Depths:2 | 44333 ||| FLEEEEING.
 44334 | Depths:2 | 44334 ||| FLEEEEING.
 44343 | Depths:2 | 44343 ||| STAIRDANCE
 44549 | Depths:2 | Found a one-way gateway to a ziggurat.
 44812 | Depths:3 | 44812 ||| Stepping ~*~*~tactically~*~*~ (hiding).
 44826 | Depths:3 | 44826 ||| FLEEEEING.
 44899 | Depths:3 | 44899 ||| Stepping ~*~*~tactically~*~*~ (stealth).
 44901 | Depths:3 | 44901 ||| Stepping ~*~*~tactically~*~*~ (hiding).
 44902 | Depths:3 | 44902 ||| Stepping ~*~*~tactically~*~*~ (hiding).
 44912 | Depths:3 | Noticed a golden dragon
 44913 | Depths:3 | 44913 ||| INVOKING Heroism.
 44914 | Depths:3 | 44914 ||| INVOKING Finesse.
 44922 | Depths:3 | Killed a golden dragon
 45016 | Depths:3 | Received a gift from Okawaru
 45025 | Depths:3 | 45025 ||| INVOKING Heroism.
 45179 | Depths:3 | 45179 ||| Stepping ~*~*~tactically~*~*~ (hiding).
 45211 | Depths:3 | Received a gift from Okawaru
 45315 | Depths:3 | Noticed a golden dragon
 45316 | Depths:3 | 45316 ||| INVOKING Heroism.
 45317 | Depths:3 | 45317 ||| INVOKING Finesse.
 45327 | Depths:3 | Killed a golden dragon
 45360 | Depths:3 | 45360 ||| Stepping ~*~*~tactically~*~*~ (hiding).
 45377 | Depths:3 | 45377 ||| INVOKING Heroism.
 45378 | Depths:3 | Received a gift from Okawaru
 45421 | Depths:3 | 45421 ||| INVOKING Finesse.
 45422 | Depths:3 | 45422 ||| INVOKING Heroism.
 45569 | Depths:3 | 45569 ||| INVOKING Heroism.
 45576 | Depths:3 | Reached skill level 6 in Dodging
 45635 | Depths:3 | 45635 ||| Stepping ~*~*~tactically~*~*~ (hiding).
 45773 | Depths:3 | 45773 ||| INVOKING Heroism.
 45789 | Depths:3 | Received a gift from Okawaru
 46122 | Depths:3 | 46122 ||| INVOKING Heroism.
 46137 | Depths:3 | 46137 ||| Stepping ~*~*~tactically~*~*~ (hiding).
 46141 | Depths:3 | 46141 ||| INVOKING Finesse.
 46172 | Depths:3 | 46172 ||| Stepping ~*~*~tactically~*~*~ (hiding).
 46173 | Depths:3 | 46173 ||| Stepping ~*~*~tactically~*~*~ (hiding).
 46202 | Depths:3 | Found a shimmering blue altar of Sif Muna.
 46203 | Depths:3 | 46203 ||| Stepping ~*~*~tactically~*~*~ (hiding).
 46204 | Depths:3 | 46204 ||| Stepping ~*~*~tactically~*~*~ (hiding).
 46215 | Depths:3 | 46215 ||| Stepping ~*~*~tactically~*~*~ (stealth).
 46219 | Depths:3 | 46219 ||| Stepping ~*~*~tactically~*~*~ (hiding).
 46222 | Depths:3 | 46222 ||| Stepping ~*~*~tactically~*~*~ (hiding).
 46227 | Depths:3 | 46227 ||| INVOKING Heroism.
 46233 | Depths:3 | 46233 ||| Stepping ~*~*~tactically~*~*~ (hiding).
 46363 | Depths:3 | Noticed an ancient lich
 46364 | Depths:3 | 46364 ||| INVOKING Heroism.
 46365 | Depths:3 | 46365 ||| INVOKING Finesse.
 46371 | Depths:3 | Noticed a dread lich
 46375 | Depths:3 | Killed an ancient lich
 46383 | Depths:3 | Killed a dread lich
 46448 | Depths:3 | 46448 ||| INVOKING Heroism.
 46465 | Depths:3 | Identified the +1 robe "Fyuciger" {Drain rCorr Str+5}
                  | (Okawaru gifted it to you on level 3 of the Depths)
 46465 | Depths:3 | Received a gift from Okawaru
 46814 | Depths:4 | Entered Level 4 of the Depths
 46815 | Depths:4 | 46815 ||| INVOKING Heroism.
 46816 | Depths:4 | Found a white marble altar of Elyvilon.
 46817 | Depths:4 | 46817 ||| INVOKING Finesse.
 46823 | Depths:4 | 46823 ||| Stepping ~*~*~tactically~*~*~ (hiding).
 46931 | Depths:4 | Noticed a caustic shrike
 46932 | Depths:4 | 46932 ||| INVOKING Heroism.
 46933 | Depths:4 | 46933 ||| INVOKING Finesse.
 46935 | Depths:4 | Noticed a caustic shrike
 46935 | Depths:4 | Noticed a caustic shrike
 46940 | Depths:4 | Killed a caustic shrike
 46940 | Depths:4 | Noticed a caustic shrike
 46942 | Depths:4 | Noticed a caustic shrike
 46954 | Depths:4 | Killed a caustic shrike
 46959 | Depths:4 | Killed a caustic shrike
 46965 | Depths:4 | Killed a caustic shrike
 46971 | Depths:4 | Killed a caustic shrike
 46985 | Depths:4 | 46985 ||| Stepping ~*~*~tactically~*~*~ (stealth).
 46986 | Depths:4 | 46986 ||| Stepping ~*~*~tactically~*~*~ (stealth).
 46988 | Depths:4 | 46988 ||| Stepping ~*~*~tactically~*~*~ (hiding).
 47125 | Depths:4 | 47125 ||| Stepping ~*~*~tactically~*~*~ (hiding).
 47129 | Depths:4 | 47129 ||| INVOKING Heroism.
 47146 | Depths:4 | Reached XP level 23. HP: 105/156 MP: 27/27
 47284 | Depths:4 | 47284 ||| Stepping ~*~*~tactically~*~*~ (hiding).
 47285 | Depths:4 | 47285 ||| Stepping ~*~*~tactically~*~*~ (hiding).
 47360 | Depths:4 | Found a gate to the Realm of Zot.
 47361 | Depths:4 | 47361 ||| INVOKING Heroism.
 47528 | Depths:4 | 47528 ||| Stepping ~*~*~tactically~*~*~ (stealth).
 47551 | Depths:4 | 47551 ||| Stepping ~*~*~tactically~*~*~ (hiding).
 47554 | Depths:4 | 47554 ||| INVOKING Heroism.
 47556 | Depths:4 | 47556 ||| Stepping ~*~*~tactically~*~*~ (cloud).
 47566 | Depths:4 | HP: 35/156 [purple draconian/bolt of dispelling energy
                  | (37)]
 47567 | Depths:4 | 47567 ||| READING 17 scrolls of teleportation.
 47568 | Depths:4 | 47568 ||| DRINKING potion of heal wounds.
 47829 | Depths:4 | 47829 ||| INVOKING Heroism.
 47846 | Depths:4 | Reached skill level 21 in Shields
 48225 | Depths:4 | 48225 ||| PLANNING VAULTS:5
 48555 | Vaults:5 | Entered Level 5 of the Vaults
 48555 | Vaults:5 | Noticed an ancient lich
 48556 | Vaults:5 | 48556 ||| INVOKING Heroism.
 48557 | Vaults:5 | 48557 ||| STAIRDANCE
 48570 | Vaults:4 | Received a gift from Okawaru
 48577 | Vaults:5 | 48577 ||| STAIRDANCE
 48602 | Vaults:5 | 48602 ||| STAIRDANCE
 48620 | Vaults:4 | Received a gift from Okawaru
 48685 | Vaults:5 | 48685 ||| STAIRDANCE
 48687 | Vaults:4 | 48687 ||| INVOKING Heroism.
 48688 | Vaults:4 | 48688 ||| INVOKING Finesse.
 48730 | Vaults:5 | 48730 ||| STAIRDANCE
 48744 | Vaults:5 | 48744 ||| STAIRDANCE
 48756 | Vaults:4 | Reached skill level 21 in Fighting
 48761 | Vaults:5 | 48761 ||| INVOKING Heroism.
 48762 | Vaults:5 | 48762 ||| INVOKING Finesse.
 48788 | Vaults:5 | Killed an ancient lich
 48829 | Vaults:5 | 48829 ||| Stepping ~*~*~tactically~*~*~ (hiding).
 48844 | Vaults:5 | 48844 ||| INVOKING Heroism.
 48875 | Vaults:5 | Reached skill level 12 in Throwing
 48885 | Vaults:5 | Noticed a golden dragon
 48886 | Vaults:5 | 48886 ||| Stepping ~*~*~tactically~*~*~ (stealth).
 48916 | Vaults:5 | Killed a golden dragon
 48916 | Vaults:5 | Received a gift from Okawaru
 48917 | Vaults:5 | 48917 ||| INVOKING Heroism.
 48956 | Vaults:5 | 48956 ||| Stepping ~*~*~tactically~*~*~ (stealth).
 48968 | Vaults:5 | Identified the +10 glaive of Terrible Cruel Justice
                  | {vorpal, Will- Str+7}
 48987 | Vaults:5 | 48987 ||| INVOKING Heroism.
 49072 | Vaults:5 | Received a gift from Okawaru
 49122 | Vaults:5 | 49122 ||| INVOKING Heroism.
 49146 | Vaults:5 | 49146 ||| INVOKING Finesse.
 49219 | Vaults:5 | Noticed a golden dragon
 49220 | Vaults:5 | 49220 ||| INVOKING Heroism.
 49227 | Vaults:5 | Killed a golden dragon
 49228 | Vaults:5 | 49228 ||| Stepping ~*~*~tactically~*~*~ (hiding).
 49233 | Vaults:5 | 49233 ||| Stepping ~*~*~tactically~*~*~ (hiding).
 49251 | Vaults:5 | Noticed a dread lich
 49270 | Vaults:5 | Killed a dread lich
 49271 | Vaults:5 | 49271 ||| INVOKING Finesse.
 49289 | Vaults:5 | Received a gift from Okawaru
 49359 | Vaults:5 | Identified the ring of Yrphith {Ice Stlth+}
 49422 | Vaults:5 | 49422 ||| Stepping ~*~*~tactically~*~*~ (stealth).
 49468 | Vaults:5 | 49468 ||| Stepping ~*~*~tactically~*~*~ (hiding).
 49476 | Vaults:5 | 49476 ||| Stepping ~*~*~tactically~*~*~ (hiding).
 49482 | Vaults:5 | 49482 ||| INVOKING Heroism.
 49513 | Vaults:5 | Noticed an ancient lich
 49514 | Vaults:5 | 49514 ||| Stepping ~*~*~tactically~*~*~ (stealth).
 49542 | Vaults:5 | 49542 ||| INVOKING Heroism.
 49615 | Vaults:5 | 49615 ||| Stepping ~*~*~tactically~*~*~ (stealth).
 49643 | Vaults:5 | 49643 ||| INVOKING Heroism.
 49665 | Vaults:5 | Reached XP level 24. HP: 139/168 MP: 27/27
 49732 | Vaults:5 | Identified the +4 longbow of Fomef {flame, rElec Str+2
                  | Dex+4}
 49837 | Vaults:5 | 49837 ||| Stepping ~*~*~tactically~*~*~ (stealth).
 49838 | Vaults:5 | 49838 ||| Stepping ~*~*~tactically~*~*~ (stealth).
 49843 | Vaults:5 | 49843 ||| Stepping ~*~*~tactically~*~*~ (stealth).
 49845 | Vaults:5 | 49845 ||| Stepping ~*~*~tactically~*~*~ (hiding).
 49892 | Vaults:5 | 49892 ||| Stepping ~*~*~tactically~*~*~ (hiding).
 49933 | Vaults:5 | 49933 ||| Stepping ~*~*~tactically~*~*~ (stealth).
 50019 | Vaults:5 | 50019 ||| Stepping ~*~*~tactically~*~*~ (stealth).
 50049 | Vaults:5 | 50049 ||| READING scroll of acquirement.
 50049 | Vaults:5 | 50049 ||| ACQUIRING +2 pair of gloves "Obodupran" {-Cast
                  | Dex+4 Slay+2}
 50049 | Vaults:5 | Acquired the +2 pair of gloves "Obodupran" {-Cast Dex+4
                  | Slay+2}
 50051 | Vaults:5 | 50051 ||| UPGRADING to +2 pair of gloves "Obodupran" {-Cast
                  | Dex+4 Slay+2}.
 50061 | Vaults:5 | 50061 ||| DROPPING +4 pair of gloves of Distant Shores
                  | {Int+7}.
 50065 | Vaults:5 | 50065 ||| INVOKING Heroism.
 50066 | Vaults:5 | 50066 ||| INVOKING Finesse.
 50078 | Vaults:5 | Killed an ancient lich
 50149 | Vaults:5 | 50149 ||| Stepping ~*~*~tactically~*~*~ (stealth).
 50150 | Vaults:5 | 50150 ||| Stepping ~*~*~tactically~*~*~ (stealth).
 50272 | Vaults:5 | 50272 ||| INVOKING Heroism.
 50342 | Vaults:5 | 50342 ||| Stepping ~*~*~tactically~*~*~ (hiding).
 50351 | Vaults:5 | Noticed a dread lich
 50352 | Vaults:5 | 50352 ||| INVOKING Heroism.
 50353 | Vaults:5 | 50353 ||| INVOKING Finesse.
 50371 | Vaults:5 | Killed a dread lich
 50423 | Vaults:5 | Got a silver rune of Zot
 50442 | Vaults:5 | Identified the +3 chain mail "Vorghal" {rC+ Int-3 SInv}
 50487 | Vaults:5 | Identified the +4 chain mail of the World {rElec Str-3
                  | Int+8 Dex+2}
 50596 | Vaults:5 | 50596 ||| Stepping ~*~*~tactically~*~*~ (hiding).
 50612 | Vaults:5 | 50612 ||| PLANNING SHOPPING SPREE
 50612 | Vaults:5 | 50612 ||| DROPPING ring of Yrphith {Ice Stlth+}.
 50613 | Vaults:5 | 50613 ||| PLANNING ZOT:1-4
 50675 | Vaults:5 | 50675 ||| UPGRADING to ring "Emuy" {rPois rF+ rC+ Dex-3
                  | SInv}.
 51019 | Zot:1    | Entered Level 1 of the Realm of Zot
 51028 | Zot:1    | 51028 ||| Stepping ~*~*~tactically~*~*~ (stealth).
 51030 | Zot:1    | 51030 ||| Stepping ~*~*~tactically~*~*~ (hiding).
 51035 | Zot:1    | 51035 ||| INVOKING Heroism.
 51110 | Zot:1    | Identified the ring of Ypodwyp {Ice rPois rN++ Will- rCorr}
 51110 | Zot:1    | Noticed Josephina
 51111 | Zot:1    | 51111 ||| Stepping ~*~*~tactically~*~*~ (hiding).
 51126 | Zot:1    | 51126 ||| INVOKING Heroism.
 51150 | Zot:1    | Killed Josephina
 51150 | Zot:1    | Received a gift from Okawaru
 51162 | Zot:1    | 51162 ||| Stepping ~*~*~tactically~*~*~ (stealth).
 51164 | Zot:1    | 51164 ||| Stepping ~*~*~tactically~*~*~ (stealth).
 51405 | Zot:1    | 51405 ||| Stepping ~*~*~tactically~*~*~ (hiding).
 51411 | Zot:1    | 51411 ||| INVOKING Heroism.
 51499 | Zot:1    | 51499 ||| Stepping ~*~*~tactically~*~*~ (hiding).
 51516 | Zot:1    | 51516 ||| Stepping ~*~*~tactically~*~*~ (hiding).
 51532 | Zot:1    | 51532 ||| INVOKING Heroism.
 51634 | Zot:1    | 51634 ||| Stepping ~*~*~tactically~*~*~ (stealth).
 51884 | Zot:1    | 51884 ||| INVOKING Heroism.
 52324 | Zot:2    | 52324 ||| Stepping ~*~*~tactically~*~*~ (hiding).
 52339 | Zot:2    | 52339 ||| Stepping ~*~*~tactically~*~*~ (hiding).
 52436 | Zot:2    | Identified the +2 hat of the Evening Star {Int+4}
 52483 | Zot:2    | 52483 ||| INVOKING Heroism.
 52526 | Zot:2    | Received a gift from Okawaru
 52755 | Zot:2    | Found a transporter.
 53011 | Zot:2    | 53011 ||| Stepping ~*~*~tactically~*~*~ (hiding).
 53013 | Zot:2    | 53013 ||| INVOKING Heroism.
 53122 | Zot:2    | 53122 ||| Stepping ~*~*~tactically~*~*~ (hiding).
 53123 | Zot:2    | 53123 ||| INVOKING Heroism.
 53163 | Zot:2    | 53163 ||| INVOKING Heroism.
 53168 | Zot:2    | Received a gift from Okawaru
 53204 | Zot:2    | Received a gift from Okawaru
 53477 | Zot:2    | Found a transporter.
 53491 | Zot:2    | 53491 ||| UPGRADING to +2 hat of the Evening Star {Int+4}.
 53559 | Zot:3    | 53559 ||| INVOKING Heroism.
 53569 | Zot:3    | 53569 ||| Stepping ~*~*~tactically~*~*~ (hiding).
 53572 | Zot:3    | 53572 ||| Stepping ~*~*~tactically~*~*~ (hiding).
 53598 | Zot:3    | Received a gift from Okawaru
 53611 | Zot:3    | 53611 ||| Stepping ~*~*~tactically~*~*~ (hiding).
 53619 | Zot:3    | 53619 ||| Stepping ~*~*~tactically~*~*~ (hiding).
 53625 | Zot:3    | 53625 ||| Stepping ~*~*~tactically~*~*~ (hiding).
 53911 | Zot:3    | 53911 ||| Stepping ~*~*~tactically~*~*~ (hiding).
 53920 | Zot:3    | 53920 ||| INVOKING Heroism.
 53937 | Zot:3    | Reached XP level 25. HP: 142/178 MP: 27/27
 53979 | Zot:3    | HP: 35/178 [white draconian stormcaller/divine providence
                  | (14)]
 53980 | Zot:3    | 53980 ||| READING 24 scrolls of teleportation.
 53981 | Zot:3    | 53981 ||| DRINKING 3 potions of heal wounds.
 53988 | Zot:3    | HP: 42/178 [rime drake/flash freeze[a white draconian
                  | stormcaller] (8)]
 53989 | Zot:3    | 53989 ||| DRINKING 2 potions of heal wounds.
 53994 | Zot:3    | Reached skill level 24 in Fighting
 53997 | Zot:3    | HP: 41/178 [white draconian stormcaller/divine providence
                  | (8)]
 53998 | Zot:3    | 53998 ||| DRINKING potion of heal wounds.
 54257 | Zot:3    | 54257 ||| READING scroll of enchant armour.
 54257 | Zot:3    | 54257 ||| ENCHANTING +3 crystal plate armour.
 54296 | Zot:3    | 54296 ||| Stepping ~*~*~tactically~*~*~ (stealth).
 54469 | Zot:3    | 54469 ||| Stepping ~*~*~tactically~*~*~ (hiding).
 54485 | Zot:3    | 54485 ||| Stepping ~*~*~tactically~*~*~ (hiding).
 54576 | Zot:3    | Noticed an orb of fire
 54577 | Zot:3    | 54577 ||| Stepping ~*~*~tactically~*~*~ (stealth).
 54578 | Zot:3    | 54578 ||| Stepping ~*~*~tactically~*~*~ (stealth).
 54581 | Zot:3    | 54581 ||| DRINKING 4 potions of resistance.
 54582 | Zot:3    | 54582 ||| INVOKING Heroism.
 54583 | Zot:3    | 54583 ||| INVOKING Finesse.
 54598 | Zot:3    | Killed an orb of fire
 54656 | Zot:3    | 54656 ||| Stepping ~*~*~tactically~*~*~ (hiding).
 54746 | Zot:3    | 54746 ||| Stepping ~*~*~tactically~*~*~ (hiding).
 54779 | Zot:3    | 54779 ||| INVOKING Heroism.
 54983 | Zot:3    | 54983 ||| INVOKING Heroism.
 55213 | Zot:3    | 55213 ||| DROPPING +3 chain mail "Vorghal" {rC+ Int-3
                  | SInv}.
 55239 | Zot:4    | 55239 ||| INVOKING Heroism.
 55290 | Zot:4    | 55290 ||| FLEEEEING.
 55291 | Zot:4    | 55291 ||| STAIRDANCE
 55516 | Zot:4    | 55516 ||| Stepping ~*~*~tactically~*~*~ (hiding).
 55518 | Zot:4    | 55518 ||| Stepping ~*~*~tactically~*~*~ (hiding).
 55521 | Zot:4    | 55521 ||| INVOKING Heroism.
 55567 | Zot:4    | 55567 ||| Stepping ~*~*~tactically~*~*~ (hiding).
 55568 | Zot:4    | 55568 ||| Stepping ~*~*~tactically~*~*~ (hiding).
 55571 | Zot:4    | 55571 ||| Stepping ~*~*~tactically~*~*~ (hiding).
 55572 | Zot:4    | 55572 ||| Stepping ~*~*~tactically~*~*~ (hiding).
 55573 | Zot:4    | 55573 ||| Stepping ~*~*~tactically~*~*~ (hiding).
 55589 | Zot:4    | 55589 ||| INVOKING Heroism.
 55619 | Zot:4    | 55619 ||| DRINKING 3 potions of cancellation.
 55621 | Zot:4    | Identified the +1 ring mail "Pycuwi" {rN+ Dex+4} (Okawaru
                  | gifted it to you on level 4 of the Realm of Zot)
 55621 | Zot:4    | Received a gift from Okawaru
 55763 | Zot:4    | 55763 ||| INVOKING Heroism.
 55850 | Zot:4    | 55850 ||| INVOKING Heroism.
 55911 | Zot:4    | Noticed an orb of fire
 55912 | Zot:4    | 55912 ||| DRINKING 3 potions of resistance.
 55913 | Zot:4    | 55913 ||| INVOKING Heroism.
 55914 | Zot:4    | 55914 ||| INVOKING Finesse.
 55925 | Zot:4    | Gained mutation: You have sharp toenails. [an orb of fire]
 55940 | Zot:4    | Killed an orb of fire
 56018 | Zot:4    | Noticed a Killer Klown
 56019 | Zot:4    | 56019 ||| INVOKING Heroism.
 56020 | Zot:4    | 56020 ||| INVOKING Finesse.
 56039 | Zot:4    | Killed a Killer Klown
 56069 | Zot:4    | Found a runed translucent gate.
 56069 | Zot:4    | Found a runed translucent gate.
 56069 | Zot:4    | Found a runed translucent gate.
 56071 | Zot:4    | Noticed Beclu's ghost (legendary GnSk)
 56140 | Zot:4    | 56140 ||| Stepping ~*~*~tactically~*~*~ (hiding).
 56145 | Zot:4    | 56145 ||| Stepping ~*~*~tactically~*~*~ (hiding).
 56164 | Zot:4    | 56164 ||| INVOKING Heroism.
 56180 | Zot:4    | 56180 ||| Stepping ~*~*~tactically~*~*~ (hiding).
 56289 | Zot:4    | 56289 ||| Stepping ~*~*~tactically~*~*~ (hiding).
 56390 | Zot:4    | Noticed an ancient lich
 56499 | Zot:4    | Found a transporter.
 56499 | Zot:4    | Noticed an ancient lich
 56527 | Zot:4    | 56527 ||| FLEEEEING.
 56529 | Zot:4    | 56529 ||| FLEEEEING.
 56532 | Zot:4    | 56532 ||| FLEEEEING.
 56534 | Zot:4    | 56534 ||| FLEEEEING.
 56535 | Zot:4    | 56535 ||| FLEEEEING.
 56539 | Zot:4    | 56539 ||| INVOKING Heroism.
 56696 | Zot:4    | Noticed an orb of fire
 56697 | Zot:4    | Found a radiant altar of Vehumet.
 56870 | Zot:4    | 56870 ||| PLANNING THE SHINING ONE WORSHIP
 56870 | Zot:4    | 56870 ||| UPGRADING to +2 cloak.
 57309 | Temple   | Fell from the grace of Okawaru
 57309 | Temple   | Became a worshipper of the Shining One
 57310 | Temple   | 57310 ||| PLANNING CRYPT
 57569 | Crypt:1  | Entered Level 1 of the Crypt
 57623 | Crypt:1  | Reached * piety under the Shining One
 57734 | Crypt:1  | 57734 ||| Stepping ~*~*~tactically~*~*~ (stealth).
 57735 | Crypt:1  | 57735 ||| Stepping ~*~*~tactically~*~*~ (stealth).
 57740 | Crypt:1  | 57740 ||| Stepping ~*~*~tactically~*~*~ (stealth).
 57771 | Crypt:1  | Reached ** piety under the Shining One
 57778 | Crypt:1  | 57778 ||| Stepping ~*~*~tactically~*~*~ (stealth).
 57794 | Crypt:1  | Reached skill level 11 in Invocations
 57806 | Crypt:1  | 57806 ||| Stepping ~*~*~tactically~*~*~ (hiding).
 57809 | Crypt:1  | 57809 ||| Stepping ~*~*~tactically~*~*~ (hiding).
 57810 | Crypt:1  | 57810 ||| Stepping ~*~*~tactically~*~*~ (stealth).
 58033 | Crypt:1  | Reached *** piety under the Shining One
 58084 | Crypt:1  | Found a runed translucent door.
 58110 | Crypt:1  | Noticed Heot Zafel's ghost (veteran MiGl)
 58331 | Crypt:2  | 58331 ||| Stepping ~*~*~tactically~*~*~ (cloud).
 58420 | Crypt:2  | 58420 ||| Stepping ~*~*~tactically~*~*~ (hiding).
 58430 | Crypt:2  | Reached skill level 12 in Invocations
 58436 | Crypt:2  | 58436 ||| Stepping ~*~*~tactically~*~*~ (hiding).
 58452 | Crypt:2  | 58452 ||| Stepping randomly (cloudy).
 58453 | Crypt:2  | 58453 ||| Stepping ~*~*~tactically~*~*~ (cloud).
 58625 | Crypt:2  | Reached **** piety under the Shining One
 58978 | Crypt:2  | 58978 ||| Stepping ~*~*~tactically~*~*~ (hiding).
 58980 | Crypt:2  | 58980 ||| Stepping ~*~*~tactically~*~*~ (hiding).
 59021 | Crypt:2  | Reached ***** piety under the Shining One
 59038 | Crypt:2  | Reached skill level 13 in Invocations
 59038 | Crypt:2  | Reached XP level 26. HP: 187/188 MP: 29/29
 59054 | Crypt:2  | 59054 ||| Stepping ~*~*~tactically~*~*~ (hiding).
 59058 | Crypt:2  | 59058 ||| Stepping ~*~*~tactically~*~*~ (hiding).
 59088 | Crypt:2  | 59088 ||| DROPPING +0 hand axe.
 59108 | Crypt:2  | 59108 ||| INVOKING Cleansing Flame.
 59369 | Crypt:2  | 59369 ||| Stepping ~*~*~tactically~*~*~ (stealth).
 59370 | Crypt:2  | 59370 ||| Stepping ~*~*~tactically~*~*~ (stealth).
 59375 | Crypt:2  | 59375 ||| INVOKING Summon Divine Warrior.
 59376 | Crypt:2  | 59376 ||| INVOKING Cleansing Flame.
 59377 | Crypt:2  | 59377 ||| INVOKING Cleansing Flame.
 59773 | Crypt:2  | 59773 ||| DROPPING +6 ring of intelligence.
 59774 | Crypt:2  | 59774 ||| UPGRADING to +4 ring of protection.
 59776 | Crypt:2  | 59776 ||| UPGRADING to scarf of resistance.
 59786 | Crypt:2  | 59786 ||| DROPPING +6 ring of strength.
 59806 | Crypt:3  | Entered Level 3 of the Crypt
 59835 | Crypt:3  | 59835 ||| Stepping ~*~*~tactically~*~*~ (hiding).
 60014 | Crypt:3  | 60014 ||| Stepping ~*~*~tactically~*~*~ (stealth).
 60030 | Crypt:3  | Reached skill level 14 in Invocations
 60160 | Crypt:3  | 60160 ||| Stepping ~*~*~tactically~*~*~ (stealth).
 60161 | Crypt:3  | 60161 ||| Stepping ~*~*~tactically~*~*~ (stealth).
 60184 | Crypt:3  | 60184 ||| Stepping ~*~*~tactically~*~*~ (hiding).
 60266 | Crypt:3  | 60266 ||| Stepping ~*~*~tactically~*~*~ (stealth).
 60322 | Crypt:3  | Found a staircase to the Tomb.
 60386 | Crypt:3  | Reached ****** piety under the Shining One
 60387 | Crypt:3  | 60387 ||| INVOKING Brand Weapon With Holy Wrath.
 60387 | Crypt:3  | Identified a +3 broad axe of holy wrath (a +1 broad axe
                  | blessed by the Shining One)
 60387 | Crypt:3  | Received a gift from the Shining One
 60389 | Crypt:3  | 60389 ||| Stepping ~*~*~tactically~*~*~ (stealth).
 60390 | Crypt:3  | 60390 ||| Stepping ~*~*~tactically~*~*~ (stealth).
 60441 | Crypt:3  | Reached skill level 15 in Invocations
 60485 | Crypt:3  | Noticed Margery
 60486 | Crypt:3  | 60486 ||| DRINKING 2 potions of resistance.
 60504 | Crypt:3  | Killed Margery
 60625 | Crypt:3  | 60625 ||| Stepping ~*~*~tactically~*~*~ (hiding).
 60760 | Crypt:3  | 60760 ||| Stepping ~*~*~tactically~*~*~ (stealth).
 60892 | Crypt:3  | 60892 ||| Stepping ~*~*~tactically~*~*~ (stealth).
 61200 | Crypt:3  | 61200 ||| Stepping ~*~*~tactically~*~*~ (hiding).
 61207 | Crypt:3  | 61207 ||| INVOKING Summon Divine Warrior.
 61215 | Crypt:3  | 61215 ||| INVOKING Cleansing Flame.
 61371 | Crypt:3  | 61371 ||| Stepping ~*~*~tactically~*~*~ (hiding).
 61457 | Crypt:3  | 61457 ||| PLANNING TOMB
 61457 | Crypt:3  | 61457 ||| DROPPING +1 pair of gloves of strength.
 61458 | Crypt:3  | 61458 ||| DROPPING amulet of faith.
 61497 | Crypt:3  | 61497 ||| Stepping ~*~*~tactically~*~*~ (hiding).
 61622 | Tomb:1   | Entered Level 1 of the Tomb of the Ancients
 61710 | Tomb:1   | 61710 ||| Stepping ~*~*~tactically~*~*~ (stealth).
 61711 | Tomb:1   | 61711 ||| Stepping ~*~*~tactically~*~*~ (stealth).
 62168 | Tomb:1   | 62168 ||| INVOKING Cleansing Flame.
 62172 | Tomb:1   | 62172 ||| Stepping randomly (cloudy).
 62181 | Tomb:1   | Noticed a royal mummy
 62182 | Tomb:1   | 62182 ||| INVOKING Summon Divine Warrior.
 62191 | Tomb:1   | 62191 ||| INVOKING Cleansing Flame.
 62192 | Tomb:1   | 62192 ||| INVOKING Cleansing Flame.
 62192 | Tomb:1   | Killed a royal mummy
 62366 | Tomb:1   | Reached skill level 16 in Invocations
 62371 | Tomb:1   | 62371 ||| INVOKING Cleansing Flame.
 62380 | Tomb:1   | 62380 ||| INVOKING Cleansing Flame.
 62498 | Tomb:1   | 62498 ||| INVOKING Cleansing Flame.
 62499 | Tomb:1   | 62499 ||| INVOKING Cleansing Flame.
 62546 | Tomb:1   | 62546 ||| INVOKING Cleansing Flame.
 62551 | Tomb:1   | 62551 ||| INVOKING Cleansing Flame.
 62902 | Tomb:2   | 62902 ||| DRINKING 13 potions of haste.
 62903 | Tomb:2   | 62903 ||| DRINKING 9 potions of attraction.
 62913 | Tomb:2   | Noticed a royal mummy
 62913 | Tomb:2   | Noticed a royal mummy
 62913 | Tomb:2   | Noticed a royal mummy
 62913 | Tomb:2   | Noticed a royal mummy
 62914 | Tomb:2   | 62914 ||| INVOKING Summon Divine Warrior.
 62915 | Tomb:2   | 62915 ||| INVOKING Cleansing Flame.
 62918 | Tomb:2   | 62918 ||| INVOKING Cleansing Flame.
 62920 | Tomb:2   | 62920 ||| INVOKING Cleansing Flame.
 62924 | Tomb:2   | Killed a royal mummy
 62926 | Tomb:2   | Killed a royal mummy
 62928 | Tomb:2   | Killed a royal mummy
 62929 | Tomb:2   | Reached skill level 17 in Invocations
 62934 | Tomb:2   | Killed a royal mummy
 62982 | Tomb:2   | 62982 ||| INVOKING Cleansing Flame.
 63203 | Tomb:2   | 63203 ||| INVOKING Cleansing Flame.
 63204 | Tomb:2   | 63204 ||| INVOKING Cleansing Flame.
 63390 | Tomb:2   | 63390 ||| Stepping ~*~*~tactically~*~*~ (stealth).
 63409 | Tomb:2   | 63409 ||| Stepping ~*~*~tactically~*~*~ (hiding).
 63696 | Tomb:2   | 63696 ||| INVOKING Cleansing Flame.
 63702 | Tomb:2   | 63702 ||| INVOKING Summon Divine Warrior.
 64027 | Tomb:1   | Noticed a royal mummy
 64027 | Tomb:1   | Noticed a royal mummy
 64028 | Tomb:1   | 64028 ||| INVOKING Summon Divine Warrior.
 64028 | Tomb:1   | Noticed a royal mummy
 64031 | Tomb:1   | 64031 ||| INVOKING Cleansing Flame.
 64032 | Tomb:1   | 64032 ||| INVOKING Cleansing Flame.
 64032 | Tomb:1   | Killed a royal mummy
 64036 | Tomb:1   | 64036 ||| INVOKING Cleansing Flame.
 64037 | Tomb:1   | 64037 ||| INVOKING Cleansing Flame.
 64038 | Tomb:1   | 64038 ||| INVOKING Cleansing Flame.
 64038 | Tomb:1   | Noticed a royal mummy
 64039 | Tomb:1   | 64039 ||| INVOKING Cleansing Flame.
 64040 | Tomb:1   | 64040 ||| INVOKING Cleansing Flame.
 64041 | Tomb:1   | 64041 ||| DRINKING 5 potions of magic.
 64041 | Tomb:1   | Noticed a royal mummy
 64042 | Tomb:1   | 64042 ||| INVOKING Cleansing Flame.
 64042 | Tomb:1   | Killed a royal mummy
 64043 | Tomb:1   | 64043 ||| INVOKING Cleansing Flame.
 64043 | Tomb:1   | Killed a royal mummy
 64044 | Tomb:1   | Reached skill level 18 in Invocations
 64044 | Tomb:1   | 64044 ||| INVOKING Cleansing Flame.
 64045 | Tomb:1   | 64045 ||| INVOKING Cleansing Flame.
 64046 | Tomb:1   | 64046 ||| INVOKING Cleansing Flame.
 64046 | Tomb:1   | Noticed a royal mummy
 64047 | Tomb:1   | Killed a royal mummy
 64047 | Tomb:1   | Noticed a royal mummy
 64052 | Tomb:1   | Killed a royal mummy
 64053 | Tomb:1   | Reached XP level 27. HP: 103/193 MP: 10/32
 64059 | Tomb:1   | Noticed a royal mummy
 64060 | Tomb:1   | 64060 ||| INVOKING Cleansing Flame.
 64060 | Tomb:1   | Killed a royal mummy
 64062 | Tomb:1   | Killed a royal mummy
 64063 | Tomb:1   | 64063 ||| INVOKING Cleansing Flame.
 64064 | Tomb:1   | 64064 ||| INVOKING Cleansing Flame.
 64064 | Tomb:1   | Killed a royal mummy
 64071 | Tomb:1   | Noticed a royal mummy
 64074 | Tomb:1   | 64074 ||| DRINKING 4 potions of magic.
 64075 | Tomb:1   | 64075 ||| INVOKING Cleansing Flame.
 64075 | Tomb:1   | Killed a royal mummy
 64332 | Tomb:1   | Noticed a royal mummy
 64335 | Tomb:1   | 64335 ||| INVOKING Summon Divine Warrior.
 64341 | Tomb:1   | Killed a royal mummy
 64342 | Tomb:1   | Reached skill level 19 in Invocations
 64372 | Tomb:1   | Noticed a royal mummy
 64377 | Tomb:1   | 64377 ||| INVOKING Summon Divine Warrior.
 64381 | Tomb:1   | Killed a royal mummy
 64400 | Tomb:1   | Was forgiven by Okawaru
 64418 | Tomb:1   | Noticed a royal mummy
 64419 | Tomb:1   | 64419 ||| INVOKING Summon Divine Warrior.
 64440 | Tomb:1   | 64440 ||| INVOKING Summon Divine Warrior.
 64445 | Tomb:1   | Killed a royal mummy
 64537 | Tomb:1   | Noticed a royal mummy
 64538 | Tomb:1   | 64538 ||| INVOKING Cleansing Flame.
 64539 | Tomb:1   | Noticed a royal mummy
 64542 | Tomb:1   | 64542 ||| INVOKING Cleansing Flame.
 64543 | Tomb:1   | 64543 ||| INVOKING Cleansing Flame.
 64544 | Tomb:1   | 64544 ||| INVOKING Cleansing Flame.
 64544 | Tomb:1   | Killed a royal mummy
 64545 | Tomb:1   | 64545 ||| INVOKING Cleansing Flame.
 64546 | Tomb:1   | 64546 ||| INVOKING Cleansing Flame.
 64546 | Tomb:1   | Killed a royal mummy
 64668 | Tomb:1   | Noticed a royal mummy
 64672 | Tomb:1   | 64672 ||| INVOKING Cleansing Flame.
 64673 | Tomb:1   | 64673 ||| INVOKING Cleansing Flame.
 64674 | Tomb:1   | 64674 ||| INVOKING Cleansing Flame.
 64674 | Tomb:1   | Killed a royal mummy
 64677 | Tomb:1   | Noticed a royal mummy
 64683 | Tomb:1   | Noticed a royal mummy
 64684 | Tomb:1   | 64684 ||| INVOKING Summon Divine Warrior.
 64700 | Tomb:1   | 64700 ||| INVOKING Cleansing Flame.
 64701 | Tomb:1   | 64701 ||| INVOKING Cleansing Flame.
 64702 | Tomb:1   | 64702 ||| INVOKING Cleansing Flame.
 64703 | Tomb:1   | 64703 ||| INVOKING Cleansing Flame.
 64703 | Tomb:1   | Killed a royal mummy
 64707 | Tomb:1   | 64707 ||| INVOKING Cleansing Flame.
 64713 | Tomb:1   | HP: 45/193 [royal mummy/divine providence (10)]
 64714 | Tomb:1   | 64714 ||| READING 28 scrolls of teleportation.
 64716 | Tomb:1   | HP: 19/193 [emperor scorpion[a royal mummy] (16)]
 64719 | Tomb:1   | Killed a royal mummy
 65140 | Tomb:1   | Noticed a royal mummy
 65157 | Tomb:1   | Killed a royal mummy
 65158 | Tomb:1   | Reached skill level 20 in Invocations
 65264 | Tomb:1   | Noticed a royal mummy
 65267 | Tomb:1   | 65267 ||| INVOKING Cleansing Flame.
 65272 | Tomb:1   | Noticed a royal mummy
 65274 | Tomb:1   | Killed a royal mummy
 65275 | Tomb:1   | Noticed a royal mummy
 65282 | Tomb:1   | 65282 ||| INVOKING Cleansing Flame.
 65282 | Tomb:1   | Killed a royal mummy
 65291 | Tomb:1   | Killed a royal mummy
 65733 | Tomb:2   | 65733 ||| INVOKING Cleansing Flame.
 65734 | Tomb:2   | 65734 ||| INVOKING Cleansing Flame.
 65745 | Tomb:2   | 65745 ||| INVOKING Cleansing Flame.
 65764 | Tomb:2   | 65764 ||| INVOKING Cleansing Flame.
 65765 | Tomb:2   | 65765 ||| INVOKING Cleansing Flame.
 65769 | Tomb:2   | 65769 ||| INVOKING Cleansing Flame.
 65770 | Tomb:2   | 65770 ||| INVOKING Cleansing Flame.
 65771 | Tomb:2   | 65771 ||| INVOKING Cleansing Flame.
 66088 | Tomb:3   | Entered Level 3 of the Tomb of the Ancients
 66089 | Tomb:3   | 66089 ||| DRINKING 13 potions of haste.
 66090 | Tomb:3   | 66090 ||| DRINKING 8 potions of attraction.
 66093 | Tomb:3   | 66093 ||| INVOKING Cleansing Flame.
 66097 | Tomb:3   | 66097 ||| INVOKING Cleansing Flame.
 66098 | Tomb:3   | 66098 ||| INVOKING Cleansing Flame.
 66100 | Tomb:3   | 66100 ||| INVOKING Cleansing Flame.
 66101 | Tomb:3   | Reached skill level 21 in Invocations
 66101 | Tomb:3   | 66101 ||| INVOKING Cleansing Flame.
 66103 | Tomb:3   | 66103 ||| INVOKING Cleansing Flame.
 66104 | Tomb:3   | 66104 ||| INVOKING Cleansing Flame.
 66105 | Tomb:3   | 66105 ||| INVOKING Cleansing Flame.
 66106 | Tomb:3   | Noticed a royal mummy
 66106 | Tomb:3   | 66106 ||| INVOKING Cleansing Flame.
 66107 | Tomb:3   | 66107 ||| INVOKING Cleansing Flame.
 66108 | Tomb:3   | Reached skill level 22 in Invocations
 66108 | Tomb:3   | 66108 ||| INVOKING Cleansing Flame.
 66108 | Tomb:3   | Noticed a royal mummy
 66108 | Tomb:3   | Noticed Boris
 66108 | Tomb:3   | Noticed a royal mummy
 66109 | Tomb:3   | Noticed a royal mummy
 66109 | Tomb:3   | 66109 ||| INVOKING Cleansing Flame.
 66110 | Tomb:3   | Noticed a royal mummy
 66110 | Tomb:3   | 66110 ||| INVOKING Cleansing Flame.
 66111 | Tomb:3   | 66111 ||| INVOKING Cleansing Flame.
 66112 | Tomb:3   | 66112 ||| INVOKING Cleansing Flame.
 66112 | Tomb:3   | Killed Boris
 66113 | Tomb:3   | 66113 ||| INVOKING Cleansing Flame.
 66113 | Tomb:3   | Killed a royal mummy
 66114 | Tomb:3   | 66114 ||| INVOKING Cleansing Flame.
 66114 | Tomb:3   | Killed a royal mummy
 66115 | Tomb:3   | 66115 ||| INVOKING Summon Divine Warrior.
 66116 | Tomb:3   | Noticed a royal mummy
 66116 | Tomb:3   | Noticed a royal mummy
 66116 | Tomb:3   | Noticed a royal mummy
 66117 | Tomb:3   | 66117 ||| INVOKING Cleansing Flame.
 66118 | Tomb:3   | 66118 ||| INVOKING Cleansing Flame.
 66119 | Tomb:3   | 66119 ||| INVOKING Cleansing Flame.
 66119 | Tomb:3   | Killed a royal mummy
 66119 | Tomb:3   | Killed a royal mummy
 66120 | Tomb:3   | Reached skill level 23 in Invocations
 66120 | Tomb:3   | 66120 ||| INVOKING Cleansing Flame.
 66120 | Tomb:3   | Killed a royal mummy
 66121 | Tomb:3   | 66121 ||| INVOKING Cleansing Flame.
 66121 | Tomb:3   | Killed a royal mummy
 66121 | Tomb:3   | Killed a royal mummy
 66126 | Tomb:3   | Killed a royal mummy
 66127 | Tomb:3   | Noticed a royal mummy
 66128 | Tomb:3   | 66128 ||| INVOKING Cleansing Flame.
 66129 | Tomb:3   | 66129 ||| INVOKING Summon Divine Warrior.
 66136 | Tomb:3   | Killed a royal mummy
 66302 | Tomb:3   | Reached skill level 24 in Invocations
 66629 | Tomb:3   | Identified the amulet "Nesaseyb" {*Corrode rPois Regen+
                  | Int+3 Dex+5}
 66637 | Tomb:3   | Identified the ring of the Tuna {rElec rF- EV+4 SInv}
 66644 | Tomb:3   | Identified the +7 battleaxe of Watchfulness {vorpal, rF-
                  | Str+3 Int+2}
 66673 | Tomb:3   | Identified the +2 robe "Niguses" {Int+4 Dex+4}
 66702 | Tomb:3   | Got a golden rune of Zot
 66774 | Tomb:3   | 66774 ||| PLANNING PAN
 66774 | Tomb:3   | 66774 ||| DROPPING amulet "Nesaseyb" {*Corrode rPois Regen+
                  | Int+3 Dex+5}.
 66775 | Tomb:3   | 66775 ||| DROPPING ring of the Tuna {rElec rF- EV+4 SInv}.
 67161 | Pan      | Entered Pandemonium
 67189 | Pan      | 67189 ||| INVOKING Summon Divine Warrior.
 67199 | Pan      | Gained mutation: You are clumsy. (Dex -2) [a cacodemon]
 67254 | Pan      | Gained mutation: You are frail. (-10% HP) [a cacodemon]
 67261 | Pan      | 67261 ||| DRINKING 17 potions of mutation.
 67261 | Pan      | Lost mutation: You possess an exceptional clarity of mind.
                  | [potion of mutation]
 67261 | Pan      | Lost mutation: Your magical capacity is low. (-10% MP)
                  | [potion of mutation]
 67261 | Pan      | Gained mutation: You are very frail. (-20% HP) [potion of
                  | mutation]
 67262 | Pan      | 67262 ||| DRINKING 16 potions of mutation.
 67262 | Pan      | Lost mutation: You are clumsy. (Dex -2) [potion of
                  | mutation]
 67262 | Pan      | Lost mutation: You have a pair of small horns on your head.
                  | [potion of mutation]
 67262 | Pan      | Lost mutation: You are very frail. (-20% HP) [potion of
                  | mutation]
 67262 | Pan      | Gained mutation: Your magical capacity is low. (-10% MP)
                  | [potion of mutation]
 67262 | Pan      | Lost mutation: You are frail. (-10% HP) [potion of
                  | mutation]
 67575 | Pan      | Noticed Poshreala the pandemonium lord
 67577 | Pan      | 67577 ||| INVOKING Cleansing Flame.
 67579 | Pan      | 67579 ||| INVOKING Summon Divine Warrior.
 67579 | Pan      | Identified the +0 tower shield "Amef" {rPois rC+ Int+3
                  | Stlth+}
 67588 | Pan      | Killed Poshreala the pandemonium lord
 67711 | Pan      | 67711 ||| Stepping ~*~*~tactically~*~*~ (hiding).
 67784 | Pan      | 67784 ||| DRINKING 6 potions of cancellation.
 67788 | Pan      | 67788 ||| INVOKING Cleansing Flame.
 68007 | Pan      | Reached skill level 25 in Invocations
 68078 | Pan      | 68078 ||| READING 28 scrolls of teleportation.
 68086 | Pan      | 68086 ||| READING 27 scrolls of teleportation.
 68089 | Pan      | HP: 43/193 [golden dragon[a demonspawn corrupter] (10)]
 68090 | Pan      | 68090 ||| DRINKING 2 potions of heal wounds.
 68182 | Pan      | 68182 ||| Stepping ~*~*~tactically~*~*~ (stealth).
 68185 | Pan      | 68185 ||| Stepping ~*~*~tactically~*~*~ (stealth).
 68188 | Pan      | 68188 ||| Stepping ~*~*~tactically~*~*~ (stealth).
 68190 | Pan      | 68190 ||| Stepping ~*~*~tactically~*~*~ (hiding).
 68235 | Pan      | 68235 ||| Stepping ~*~*~tactically~*~*~ (stealth).
 68283 | Pan      | 68283 ||| Stepping ~*~*~tactically~*~*~ (stealth).
 68665 | Pan      | 68665 ||| Stepping ~*~*~tactically~*~*~ (stealth).
 68702 | Pan      | 68702 ||| Stepping ~*~*~tactically~*~*~ (stealth).
 68705 | Pan      | 68705 ||| Stepping ~*~*~tactically~*~*~ (hiding).
 68738 | Pan      | 68738 ||| Stepping ~*~*~tactically~*~*~ (stealth).
 68755 | Pan      | 68755 ||| Stepping ~*~*~tactically~*~*~ (stealth).
 68756 | Pan      | 68756 ||| Stepping ~*~*~tactically~*~*~ (stealth).
 68757 | Pan      | 68757 ||| Stepping ~*~*~tactically~*~*~ (stealth).
 68759 | Pan      | 68759 ||| Stepping ~*~*~tactically~*~*~ (hiding).
 68830 | Pan      | 68830 ||| INVOKING Cleansing Flame.
 68840 | Pan      | 68840 ||| INVOKING Summon Divine Warrior.
 68854 | Pan      | 68854 ||| INVOKING Cleansing Flame.
 68868 | Pan      | 68868 ||| INVOKING Cleansing Flame.
 68903 | Pan      | 68903 ||| INVOKING Cleansing Flame.
 68929 | Pan      | HP: 38/193 [smoke demon/divine providence (14)]
 68930 | Pan      | 68930 ||| READING 26 scrolls of teleportation.
 68931 | Pan      | 68931 ||| DRINKING potion of heal wounds.
 69175 | Pan      | Reached skill level 26 in Invocations
 69198 | Pan      | HP: 43/193 [smoke demon/divine providence (13)]
 69199 | Pan      | 69199 ||| READING 25 scrolls of teleportation.
 69200 | Pan      | 69200 ||| DRINKING potion of heal wounds.
 69203 | Pan      | HP: 16/193 [smoke demon/divine providence (14)]
 69214 | Pan      | 69214 ||| Stepping ~*~*~tactically~*~*~ (stealth).
 69267 | Pan      | 69267 ||| READING 24 scrolls of teleportation.
 69269 | Pan      | HP: 41/193 [blizzard demon/freezing blast (1)]
 69637 | Pan      | Noticed Bazuyn the pandemonium lord
 69638 | Pan      | 69638 ||| INVOKING Cleansing Flame.
 69663 | Pan      | Killed Bazuyn the pandemonium lord
 69842 | Pan      | 69842 ||| INVOKING Cleansing Flame.
 69843 | Pan      | 69843 ||| INVOKING Cleansing Flame.
 70102 | Pan      | HP: 39/193 [smoke demon/divine providence (15)]
 70103 | Pan      | 70103 ||| READING 23 scrolls of teleportation.
 70104 | Pan      | HP: 17/193 [smoke demon/divine providence (12)]
 70104 | Pan      | HP: 4/193 [smoke demon/divine providence (13)]
 70105 | Pan      | Killed from afar by a smoke demon

Levels and vault maps discovered:
D:1:      minmay_arrival_diagonal_passages, layout_rooms, nicolae_grassy_gnolls
D:2:      minmay_inner_zag, layout_basic, uniq_natasha, uniq_crazy_yiuf_cottage
D:3:      layout_loops_corners, mainiacjoe_overflow_chevrons,
          gammafunk_ghost_grave, shapermc_ecumenical_altar_rom_forum,
          guppyfry_early_lair_pool
D:4:      layout_rooms, lightli_sewer_entry_pipes
D:5:      layout_basic, gammafunk_ghost_grave
D:6:      corexii_shack_village, layout_rooms, minivault_1, minivault_19,
          minmay_checkerbox, uniq_duvessa, uniq_edmund, uniq_grinder
D:7:      layout_loops_cross, nicolae_vehumet_radiance,
          nicolae_gozag_seed_capital, minmay_temple_entry_drinking_statues,
          uniq_joseph
D:8:      layout_loops_ring
D:9:      layout_basic, nicolae_wu_jian_immortal_techniques, lair_entry_dummy,
          serial_shops, nicolae_stop_n_shop_2
D:10:     layout_grid_maze, grunt_temple_overflow_order_and_chaos_1
D:11:     layout_rooms, erik_orc_3, serial_corexii_hall, corexii_hall_statues_i,
          corexii_hall_statues_s, chequers_hall_statues_corner_a,
          kennysheep_generic_room_16
D:12:     minmay_s_stair_smasher, layout_loops_ring,
          gammafunk_ghost_wrathful_warriors
D:13:     minmay_crescents, layout_irregular_city, david_vaults_2,
          nicolae_hepliaklqana_hazy_memory
D:14:     layout_loops_ring, serial_aquarium, aquarium_bridge_square
          [aquarium_subvault_balcony, aquarium_subvault_window,
          aquarium_subvault_window, aquarium_subvault_bridge],
          aquarium_window_2, aquarium_window_1, aquarium_window_1,
          aquarium_window_corridor_3, aquarium_view_2d, aquarium_pool_2,
          minmay_misc_feat_nine_boxes, portal_ice_cave_entry_pillars_1,
          uniq_louise, uniq_kirke
D:15:     grunt_enter_depths_snipers, layout_loops_corners,
          minmay_misc_feat_diagonals, serial_shops, nicolae_shop_stone,
          chequers_serial_rivers_marsh
Temple:   nicolae_temple_slightly_damp_pantheon
Lair:1:   layout_long_grid, gammafunk_ghost_hydra_chop, grunt_megastairs_3,
          serial_bayou_shore_b, serial_bayou_shore_b
Lair:2:   layout_big_grid, swamp_mist, nicolae_spider_entry_tight_spaces,
          grunt_megastairs_2, lemuel_fruit_tree
Lair:3:   regret_index_combs_of_tragedy, layout_regular_city,
          cheibrodos_lair_lostbears, uniq_fannar, uniq_rupert, uniq_gastronok
Lair:4:   layout_cave_pods, serial_bayou_lake_a, uniq_sonja
Lair:5:   hellmonk_lair_end_abyssal_woods, layout_loops_ring,
          dpeg_slime_entry_enclosed
Swamp:1:  layout_basic_swamp, nicolae_swamp_fairy_circle, swamp_pool5
Swamp:2:  nicolae_swamp_tree_isthmus, layout_falls_marsh, serial_swamp_ruin,
          evilmike_swamp_ruin_house_3, evilmike_swamp_ruin_rubble_1
Swamp:3:  layout_basic_swamp, hangedman_swamp_ruin_hall
Swamp:4:  byrel_swamp_growth_death_and_undeath, layout_basic_swamp
Spider:1: layout_cave_pods
Spider:2: layout_spider_delve, hellmonk_ghost_happy_afterlife
Spider:3: layout_chambers
Spider:4: johnstein_spider_rune_arachne_lair
Orc:1:    layout_caves, enter_volcano_1, minmay_orc_keep
Orc:2:    st_orc_congregation, layout_caves, uniq_erolcha
Vaults:1: dpeg_vaults_hating_casters, nicolae_vaults_rhombus_7,
          hangedman_vaults_locks, ontoclasm_vaults_tryst, v_rooms_5,
          hangedman_vaults_maws, nicolae_vaults_specimen_jars,
          nicolae_vaults_back_hallway, vaults_room_door_ring,
          vaults_mumra_hexcomb, nicolae_vaults_little_squares_1,
          ontoclasm_vaults_chip, layout_vaults_omnicross, enter_trove_3,
          serial_shops, nicolae_square_shop
Vaults:2: gammafunk_ghost_arena, vaults_dpeg_ring, v_rooms_6, vaults_room_fours,
          minmay_crypt_entry_necro_gods, v_misc_28, nicolae_vaults_little_ls,
          ontoclasm_vaults_chip, nicolae_vaults_theta,
          vaults_room_mumra_shop_pool, v_rooms_1, nicolae_vaults_puzzle_piece,
          nicolae_vaults_big_angled_halls, grunt_vaults_diagonal,
          ontoclasm_vaults_echo, nicolae_vaults_rhombus_7,
          layout_vaults_maze_bifur
Vaults:3: ontoclasm_vaults_gallery, nicolae_vaults_asterisk, v_misc_12,
          v_alt_pattern_4, v_pattern_5, ontoclasm_vaults_decontamination,
          grunt_vaults_trifunnel, hangedman_vaults_trim, ontoclasm_vaults_pinch,
          vaults_room_door_hall, nicolae_vaults_little_squares_2,
          v_alt_pattern_5, nicolae_vaults_little_squares_2,
          ontoclasm_vaults_misaligned, ontoclasm_vaults_twist,
          layout_vaults_omnibox
Vaults:4: vaults_dpeg_spiral, nicolae_vaults_circle_grid_b,
          nicolae_vaults_asterisk, nicolae_vaults_big_ls, grunt_vaults_funnel,
          hangedman_vaults_hat, nicolae_vaults_yaktaur_gun_rack,
          layout_vaults_omnigrid, uniq_jory
Vaults:5: serial_shops
Crypt:1:  layout_rooms, ebering_ghost_reflecting_pool,
          grunt_crypt_arrival_webbed
Crypt:2:  cheibrodos_crypt_draghalla, layout_gridlike
Crypt:3:  due_elkab, layout_chaotic_city, uniq_margery
Tomb:1
Tomb:2
Tomb:3:   uniq_boris
Depths:1: layout_big_octagon, pan_entry, serial_shops, shop, hell_entry,
          hangedman_feature_mirror, nicolae_shop_clearance, firewood_loft
Depths:2: dreamdust_under_siege, layout_gridville, enter_ziggurat_f,
          minmay_stone_trees_small, rand_demon_pan_entry_8, hell_entry
Depths:3: evilmike_library_of_no_secrets, layout_basic, patterned_corridor,
          pf_coc_iceberg, abyss_entry, grunt_decor_arrowhead, kennysheep_path_1,
          kennysheep_nondescript, minmay_staircase_windowed_large
Depths:4: grunt_zot_entry_funnels, layout_cave_shapes, hellmouth_2, pan_entry,
          elyvilon_altar_5
Zot:1:    layout_concentric_octagons, uniq_josephina
Zot:2:    gammafunk_dig_for_victory, layout_concentric_octagons
Zot:3:    layout_basic
Zot:4:    gammafunk_sealed_library, layout_cellular_growth,
          gammafunk_ghost_split, st_stairs_11
Pan:      grunt_pan_pentagram, layout_cellular_growth, pan_blood_fountain_small,
          lemuel_hall_of_pain, layout_rooms

Skill      XL: |  1  2  3  4  5  6  7  8  9 10 11 12 13 14 15 16 17 18 19 20 21 22 23 24 25 26 27 |
---------------+----------------------------------------------------------------------------------+-----
Axes           | 2 3 4 5 6 7 8 10 11 12 14 15 17 18 | 18.0
Dodging        | 1 2 5 6 7 8 |  8.2
Fighting       | 4 5 6 8 9 11 12 13 14 15 17 19 22 23 25 | 25.0
Armour         | 4 5 6 7 8 9 10 11 12 16 17 19 20 22 | 22.9
Shields        | 4 7 10 11 14 16 17 18 19 20 21 22 | 22.0
Throwing       | 1 2 4 6 9 10 11 12 13 14 | 14.7
Invocations    | 4 6 10 13 18 26 | 26.5

Action                   |  1- 3 |  4- 6 |  7- 9 | 10-12 | 13-15 | 16-18 | 19-21 | 22-24 | 25-27 || total
-------------------------+-------+-------+-------+-------+-------+-------+-------+-------+-------++-------
Melee: War axe           |    85 |   190 |   313 |   417 |   932 |    15 |       |       |       ||  1952
       Headbutt          |       |       |     6 |   105 |   321 |   371 |   497 |   493 |   639 ||  2432
       Broad axe         |       |       |       |   138 |   506 |  1449 |  1597 |  1594 |  2181 ||  7465
       Morningstar       |       |       |       |       |    18 |       |       |       |       ||    18
Throw: Boomerang         |       |       |       |    24 |    28 |   194 |    21 |       |     2 ||   269
       Javelin           |       |       |       |     2 |       |    33 |    90 |   121 |   176 ||   422
Invok: Heroism           |       |       |       |    22 |    47 |    40 |    47 |    44 |    12 ||   212
       Finesse           |       |       |       |     1 |     9 |    18 |    13 |    13 |     3 ||    57
       Cleansing Flame   |       |       |       |       |       |       |       |       |    92 ||    92
       Summon Divine War |       |       |       |       |       |       |       |       |    16 ||    16
       Brand Weapon With |       |       |       |       |       |       |       |       |     1 ||     1
  Use: Scroll            |     1 |     2 |     7 |    14 |     2 |     7 |     5 |     2 |     9 ||    49
       Potion            |     1 |       |     8 |     1 |       |     3 |     7 |     1 |    19 ||    40
 Stab: Petrified         |       |       |       |       |     2 |       |       |       |       ||     2
       Petrifying        |       |       |       |       |     1 |       |       |       |       ||     1
       Distracted        |       |       |       |       |     1 |       |       |       |       ||     1
Armor: Scale mail        |    40 |    38 |       |       |       |       |       |       |       ||    78
       Chain mail        |       |    53 |       |       |     4 |     6 |       |       |       ||    63
       Plate armour      |       |       |   230 |   239 |   462 |   225 |       |       |       ||  1156
       Crystal plate arm |       |       |       |       |       |   128 |   375 |   426 |   793 ||  1722
Dodge: Dodged            |    30 |    61 |   126 |   135 |   215 |   194 |   255 |   307 |   450 ||  1773
Block: Buckler           |    17 |    32 |    55 |    30 |       |       |       |       |       ||   134
       Kite shield       |       |       |       |   285 |   479 |       |       |       |       ||   764
       Reflection        |       |       |       |     4 |    39 |    18 |    73 |    32 |    55 ||   221
       Tower shield      |       |       |       |       |   548 |  1130 |  1025 |  1044 |  1778 ||  5525

Table legend:
 A = Non-vault XP
 B = Vault XP
 C = Vault XP percentage of total XP
 D = Non-vault monster count
 E = Vault monster count
 F = Vault count percentage of total count
                 A         B        C        D         E       F
            +---------+---------+-------+---------+---------+-------
      Total |  818663 |  741155 |  47.5 |    1576 |    1024 |  39.4
            +---------+---------+-------+---------+---------+-------
        D:1 |      36 |      15 |  29.4 |      21 |       1 |   4.5
        D:2 |     132 |      55 |  29.4 |      22 |       6 |  21.4
        D:3 |      43 |       0 |   0.0 |       8 |       0 |   0.0
        D:4 |     258 |     101 |  28.1 |      11 |      12 |  52.2
        D:5 |     999 |       0 |   0.0 |      27 |       0 |   0.0
        D:6 |    1410 |    1011 |  41.8 |      22 |      18 |  45.0
        D:7 |    1280 |     460 |  26.4 |      37 |       1 |   2.6
        D:8 |    1088 |       0 |   0.0 |      21 |       0 |   0.0
        D:9 |    2875 |       0 |   0.0 |      29 |       0 |   0.0
       D:10 |    3912 |       0 |   0.0 |      26 |       0 |   0.0
       D:11 |    3099 |     910 |  22.7 |      18 |      17 |  48.6
       D:12 |    3971 |    7288 |  64.7 |      13 |      18 |  58.1
       D:13 |    5534 |   11172 |  66.9 |      15 |      19 |  55.9
       D:14 |    6925 |    2502 |  26.5 |      14 |       2 |  12.5
       D:15 |    6566 |    2714 |  29.2 |      10 |       3 |  23.1
     Lair:1 |    5270 |     157 |   2.9 |      24 |       1 |   4.0
     Lair:2 |    4325 |    2021 |  31.8 |      22 |      10 |  31.2
     Lair:3 |    6260 |   12715 |  67.0 |      18 |      56 |  75.7
     Lair:4 |     838 |     314 |  27.3 |       6 |       1 |  14.3
     Lair:5 |   14498 |   11120 |  43.4 |      50 |      37 |  42.5
    Swamp:1 |    8708 |     405 |   4.4 |      19 |       3 |  13.6
    Swamp:2 |   11998 |       0 |   0.0 |      24 |       0 |   0.0
    Swamp:3 |   17483 |       0 |   0.0 |      32 |       0 |   0.0
    Swamp:4 |   11464 |   26218 |  69.6 |      26 |      43 |  62.3
   Spider:1 |   24627 |       0 |   0.0 |      65 |       0 |   0.0
   Spider:2 |   23329 |       0 |   0.0 |      57 |       0 |   0.0
   Spider:3 |   22444 |       0 |   0.0 |      63 |       0 |   0.0
   Spider:4 |   18675 |   28775 |  60.6 |      53 |      46 |  46.5
      Orc:1 |    3283 |     260 |   7.3 |      40 |       9 |  18.4
      Orc:2 |     996 |   12068 |  92.4 |      18 |      74 |  80.4
   Vaults:1 |   10355 |   31428 |  75.2 |      14 |      45 |  76.3
   Vaults:2 |   28061 |   33869 |  54.7 |      49 |      46 |  48.4
   Vaults:3 |   22151 |   37430 |  62.8 |      31 |      47 |  60.3
   Vaults:4 |   22935 |   41743 |  64.5 |      44 |      48 |  52.2
   Vaults:5 |   22166 |   76937 |  77.6 |      36 |      57 |  61.3
    Crypt:1 |   22420 |       0 |   0.0 |      36 |       0 |   0.0
    Crypt:2 |   15596 |   18037 |  53.6 |      23 |      23 |  50.0
    Crypt:3 |   20120 |   42417 |  67.8 |      25 |      65 |  72.2
     Tomb:1 |    4711 |  100011 |  95.5 |      18 |      57 |  76.0
     Tomb:2 |    9718 |   32138 |  76.8 |      29 |      54 |  65.1
     Tomb:3 |   26931 |   94219 |  77.8 |      47 |      94 |  66.7
   Depths:1 |   17586 |    2497 |  12.4 |      17 |       2 |  10.5
   Depths:2 |   42518 |   16556 |  28.0 |      49 |      14 |  22.2
   Depths:3 |   42835 |   22920 |  34.9 |      51 |      20 |  28.2
   Depths:4 |   27391 |   27380 |  50.0 |      21 |      29 |  58.0
      Zot:1 |   41006 |    4568 |  10.0 |      39 |       6 |  13.3
      Zot:2 |   37079 |       0 |   0.0 |      33 |       0 |   0.0
      Zot:3 |   55430 |       0 |   0.0 |      47 |       0 |   0.0
      Zot:4 |   61035 |    4396 |   6.7 |      49 |       4 |   7.5
        Pan |   76293 |   34328 |  31.0 |     107 |      36 |  25.2
            +---------+---------+-------+---------+---------+-------
